 Dungeon Crawl Stone Soup version 0.21.0-3-g78d12a8 (webtiles) character file.

1284984 Gorice the Conqueror (level 27, -16/266 (273) HPs)
             Began as a Hill Orc Gladiator on Jan 7, 2018.
             Was the Champion of the Shining One.
             Killed by a guardian mummy's death curse (27 damage)
             ... on level 2 of the Tomb of the Ancients on Jan 12, 2018.
             The game lasted 09:14:11 (113889 turns).

Gorice the Conqueror (Hill Orc Gladiator)         Turns: 113889, Time: 09:14:12

HP:   -16/266 (273) AC: 50    Str: 25    XL:     27
MP:   32/47         EV: 31    Int: 10    God:    the Shining One [******]
Gold: 10320         SH:  0    Dex: 21    Spells: 31/48 levels left

rFire    + + .     SeeInvis .   a - +9 executioner's axe (holy)
rCold    + . .     Gourm    .   (shield currently unavailable)
rNeg     + + +     Faith    +   e - +10 plate armour of the Orange Skies {rCorr MP+9 Int-4 Dex+3}
rPois    +         Spirit   .   j - +1 helmet of the Centipede {rPois rF+ Str+3}
rElec    +         Reflect  .   t - +2 cloak
rCorr    +         Harm     .   f - +2 pair of gloves {Dex+3}
MR       +++..                  E - +2 pair of boots of the Assassin {Detection Stab+ Stlth++}
Stlth    ++........             h - amulet of faith {!P}
HPRegen  0.94/turn              x - ring "Midowomi" {MR+ EV+3 Int+4}
MPRegen  0.30/turn              c - ring "Foedulox" {rElec rF+ rC+ Int-3 Stlth+}

@: glowing
A: fangs 1, repulsion field 1, thin metallic scales 1, camouflage 1, blink,
poison resistance, regeneration 1, screaming 1, no potion heal 1, MP-powered
wands
}: 14/15 runes: decaying, serpentine, slimy, silver, iron, obsidian, icy, bone,
abyssal, demonic, glowing, magical, fiery, dark
a: Blink, Divine Shield, Cleansing Flame, Summon Divine Warrior, Renounce
Religion


You were on level 2 of the Tomb of the Ancients.
You worshipped the Shining One.
The Shining One was exalted by your worship.
You were not hungry.

You visited 17 branches of the dungeon, and saw 85 of its levels.
You visited Pandemonium 4 times, and saw 14 of its levels.
You visited the Abyss 1 time.
You visited 1 bazaar.
You also visited: Trove, Ossuary, Ice Cave and Wizlab.

You collected 13616 gold pieces.
You spent 3296 gold pieces at shops.

Inventory:

Hand Weapons
 a - a +9 executioner's axe of holy wrath (weapon)
   (You acquired it on level 3 of the Lair of Beasts)
 B - a +7 blowgun
Missiles
 m - 14 needles of sleeping
 G - 15 javelins (quivered)
 U - 22 curare-tipped needles
 Z - 5 throwing nets
Armour
 e - the +10 plate armour of the Orange Skies (worn) {rCorr MP+9 Int-4 Dex+3}
   (You bought it in a shop on level 7 of the Dungeon)

   It affects your intelligence (-4).
   It affects your dexterity (+3).
   It affects your magic capacity (+9).
   It protects you from acid and corrosion.
 f - a +2 pair of gloves of dexterity (worn)
   (You acquired it on level 1 of the Lair of Beasts)
 j - the +1 helmet of the Centipede (worn) {rPois rF+ Str+3}
   (You found it on level 1 of the Depths)

   It affects your strength (+3).
   It protects you from fire.
   It protects you from poison.
 t - a +2 cloak (worn)
 E - the +2 pair of boots of the Assassin (worn) {Detection Stab+ Stlth++}
   (You found it in a treasure trove)

   It makes you much more stealthy.
Jewellery
 b - a +4 ring of protection
 c - the ring "Foedulox" (right hand) {rElec rF+ rC+ Int-3 Stlth+}
   (You found it on level 2 of the Swamp)

   [ring of intelligence]

   It affects your intelligence (-3).
   It protects you from fire.
   It protects you from cold.
   It insulates you from electricity.
   It makes you more stealthy.
 h - an amulet of faith (around neck) {!P}
 k - an uncursed ring of magical power
 x - the ring "Midowomi" (left hand) {MR+ EV+3 Int+4}
   (You found it in a wizard's laboratory)

   [ring of evasion]

   It affects your evasion (+3).
   It affects your intelligence (+4).
   It affects your resistance to hostile enchantments.
 F - the ring of Linearity {+Fly rF+ Int+2}
   (You found it in a treasure trove)

   [ring of flight]

   It affects your intelligence (+2).
   It protects you from fire.
   It lets you fly.
Wands
 g - a wand of acid (55)
 n - a wand of digging (61)
 w - a wand of iceblast (12)
 z - a wand of scattershot (8)
 N - a wand of paralysis (60)
Scrolls
 i - 19 scrolls of remove curse
 o - 10 scrolls of teleportation {!r}
 r - a scroll of amnesia
 u - 7 scrolls of magic mapping {!r}
 D - 16 scrolls of identify
 K - 2 scrolls of blinking
 M - 13 scrolls of fog
 S - 4 scrolls of summoning {!r}
 X - 7 scrolls of fear {!r}
Potions
 d - 5 potions of mutation {!q}
 l - 14 potions of curing
 p - 9 potions of magic {!q}
 q - 11 potions of agility {!q}
 s - a potion of cancellation {!q}
 C - 5 potions of resistance {!q}
 J - 7 potions of haste {!q}
 P - a potion of might {!q}
Miscellaneous
 v - 6 sacks of spiders
 L - a lightning rod (4/4) {!a}
 V - 11 boxes of beasts
Comestibles
 y - 51 rations


   Skills:
 O Level 27 Fighting
 - Level 26.0 Axes
 - Level 22.0 Throwing
 O Level 27 Armour
 + Level 24.5 Dodging
 + Level 5.6 Stealth
 - Level 11.0 Spellcasting
 - Level 10.3 Hexes
 - Level 8.0 Charms
 - Level 14.0 Summonings
 - Level 9.0 Translocations
 + Level 12.0 Air Magic
 - Level 14.0 Invocations
 - Level 17.4 Evocations


You had 31 spell levels left.
You knew the following spells:

 Your Spells              Type           Power        Failure   Level  Hunger
a - Airstrike             Air            ####......   2%          4    ####...
p - Portal Projectile     Hex/Tloc       ###...       2%          3    ##.....
s - Summon Lightning Spi  Summ/Air       ####....     1%          4    ####...
A - Apportation           Tloc           ###...       1%          1    None
B - Summon Butterflies    Summ           ####....     1%          1    None
J - Blink                 Tloc           N/A          1%          2    None
S - Swiftness             Chrm/Air       ####....     1%          2    None


Dungeon Overview and Level Annotations

Branches:
Dungeon (15/15)            Temple (1/1) D:7            Lair (6/6) D:10
  Swamp (4/4) Lair:4        Snake (4/4) Lair:3        Slime (5/5) Lair:5
    Orc (2/2) D:9             Elf (3/3) Orc:2        Vaults (5/5) D:14
  Crypt (3/3) Vaults:2       Tomb (3/3) Crypt:3      Depths (5/5) D:15
   Hell (1/1)                 Dis (7/7) Hell            Geh (7/7) Hell
    Coc (7/7) Hell            Tar (7/7) Hell            Zot (0/5) Depths:5

Altars:
Ashenzari
Cheibriados
Dithmenos
Elyvilon
Fedhas
Gozag
Hepliaklqana
Kikubaaqudgha
Makhleb
Nemelex Xobeh
Okawaru
Qazlal
Ru
Sif Muna
Trog
Uskayaw
Vehumet
Wu Jian
Xom
Yredelemnul
Zin
The Shining One
Jiyva

Shops:
D:7 %[[*[   Orc:2 =%*%   Elf:3 [   Snake:3 (*((*((   Snake:4 %*(!
Depths:5 }=}

Portals:
Hell: Depths:1 Depths:2 Depths:3 Depths:4 Depths:5
Abyss: Crypt:1 Depths:1
Pandemonium: Depths:3 Depths:4
Ziggurat: Depths:4

Annotations:
D:3 tidbits's ghost, weakling FeAE
D:5 Suckerboh's ghost, novice TrMo
Swamp:1 vpuX: area blocked by deep water
Tomb:3 ThereIsNoGod's ghost, legendary HOFi


Innate Abilities, Weirdness & Mutations

You have very sharp teeth.
You are surrounded by a mild repulsion field. (EV +2)
You are partially covered in thin metallic scales. (AC +2)
Your skin changes colour to match your surroundings (Stealth+).
You can translocate small distances at will.
Your system is resistant to poisons. (rPois)
Your natural rate of healing is unusually fast.
You occasionally shout uncontrollably at your foes.
Potions are less effective at restoring your health.
You expend magic power (3 MP) to strengthen your wands.


Message History

The ancient champion seems to speed up.
The skeletal warrior closely misses you.
The revenant conjures spectral mists around you.
The spectral mist engulfs you!
There is a one-way staircase leading up, spattered with blood here.
Unknown command.
Unknown command.
You are engulfed in spectral mist.
The skeletal warrior completely misses you.
The mummy priest mumbles some strange prayers to its god against you.
Something smites you!
* * * LOW HITPOINT WARNING * * *
The skeletal warrior barely misses you.
You hear a hideous shriek!
A mysterious force pulls you upwards. The hatch slams shut behind you.
Unknown command.
Unknown command.
Unknown command.
Damage: 6 (max 96) Unknown command.
Unknown command.
Unknown command.
You start resting.
A guardian mummy comes into view.
You are momentarily dazzled by a brilliant light.
You feel somewhat more hungry.
You are momentarily dazzled by a brilliant light.
You feel somewhat more hungry. What are your orders? t - Shout!
Orders for allies: a - Attack new target. r - Retreat! s - Stop attacking. g - Guard the area. f - Follow me.
Anything else - Cancel.
Gang up on whom?
Press: ? - help, Dir - move target cursor, f - guardian mummy
Aim: a guardian mummy (haloed) Attack!
Your angel closely misses the guardian mummy.
Your angel barely misses the guardian mummy.
The guardian mummy hits your angel.
Your angel hits the guardian mummy with a sacred scourge of holy wrath!!
The guardian mummy convulses!
Your angel hits the guardian mummy with a sacred scourge of holy wrath!
The guardian mummy convulses!
The guardian mummy is destroyed!
The Shining One accepts your kill.
You feel extremely nervous for a moment...
You convulse helplessly as pain tears through your body!
You die...

..#...###....#(....#
..#..###.....#(....#
.....##......#.....#
.............###'###
.............#..A..#
.............#.....#
####'#########..A..#
#.^..^.#....^....[.#
#[.....#........@..#
[^.....#.^.^^..^...#
#......#>..........#
####################


You could see 2 friendly angels.

Vanquished Creatures
  Cerebov (Pan)
  Asmodeus (Geh:7)
  Ereshkigal (Tar:7)
  the Serpent of Hell (Geh:7)
  Gloorx Vloq (Pan)
  Mnoleg (Pan)
  2 ancient liches
  Mara (Tomb:1)
  2 juggernauts
  Sojobo (Crypt:1)
  Boris (Vaults:4)
  27 greater mummies
  Frederick (Depths:3)
  2 shard shrikes (Coc:4)
  Saint Roka (Vaults:4)
  Margery (Vaults:4)
  8 caustic shrikes
  Geryon (Hell)
  the Enchantress (Depths:5)
  Jory (Crypt:3)
  4 golden dragons
  4 pandemonium lords (Pan)
  22 Brimstone Fiends
  Jorgrun (Swamp:3)
  24 Tzitzimimeh
  13 bone dragons
  5 doom hounds
  13 liches
  5 iron giants (Dis:7)
  A Cloud Mage (WizLab)
  Asterion (Depths:1)
  5 tentacled monstrosities
  16 Ice Fiends
  14 Hell Sentinels
  3 deep elf blademasters
  5 titans
  4 quicksilver dragons
  15 acid blobs
  A deep elf master archer (Elf:3)
  12 tentacled starspawn
  Gastronok (Orc:1)
  16 sphinxes
  20 Executioners
  4 eldritch tentacles
  A warmonger (Pan)
  5 thorn hunters
  9 shadow dragons
  11 azure jellies
  13 ancient champions
  6 storm dragons
  Donald (Snake:4)
  A daeva (Abyss:4)
  12 tengu reavers
  A draconian monk (Depths:5)
  9 iron dragons
  4 revenants
  11 nagarajas (Snake:4)
  19 fire giants
  The ghost of dscm the Reanimator, an adept DsNe of Uskayaw (Elf:3)
  11 frost giants
  2 caustic shrike zombies (Hell)
  13 deep elf sorcerers
  15 cacodemons
  15 vault wardens
  Aizul (Snake:4)
  Louise (Snake:4)
  5 curse skulls
  A black sun (Pan)
  5 spriggan defenders
  An angel (Pan)
  9 ghouls
  2 elemental wellsprings (Coc:7)
  29 balrugs
  20 war gargoyles
  2 blood saints (Pan)
  6 deep elf elementalists
  An ophan (Abyss:1)
  An entropy weaver (Vaults:4)
  A draconian annihilator (Pan)
  21 ironheart preservers
  A caustic shrike skeleton (Crypt:3)
  54 reapers
  29 vampire knights
  25 stone giants
  25 very ugly things
  A corrupter (Pan)
  6 bennus
  8 deep elf demonologists
  A green draconian (Depths:5)
  4 black draconians (Depths:5)
  A dire elephant (Abyss:4)
  6 lorocyprocas
  2 yellow draconians (Depths:5)
  10 deep elf annihilators
  7 spark wasps
  A red draconian (Depths:5)
  A white draconian (Depths:5)
  2 spark wasps (shapeshifter)
  A crystal guardian (Vaults:4)
  8 deep elf death magi
  29 blizzard demons
  Snorg (D:14)
  12 mummy priests
  6 eidola
  17 ogre magi
  14 green deaths
  21 ettins
  15 fire dragons
  5 death oozes
  9 quicksilver dragon zombies
  17 jiangshi
  11 great orbs of eyes
  4 deep elf high priests
  2 quicksilver dragon skeletons
  20 yaktaur captains
  Harold (Lair:2)
  2 ice dragons (shapeshifter)
  5 hell beasts
  30 vault guards
  8 naga warriors
  36 ice dragons
  14 rakshasas
  An anaconda (shapeshifter) (Depths:2)
  A two-headed ogre (shapeshifter) (Vaults:5)
  22 hydras
  16 spriggan air magi
  25 anacondas
  2 monstrous demonspawn (Pan)
  5 ghost crabs
  12 centaur warriors
  39 dancing weapons
  A satyr (Abyss:4)
  49 starcursed masses
  12 alligators
  A queen ant (shapeshifter) (Depths:2)
  12 vampire magi
  47 two-headed ogres
  3 death knights
  22 death scarabs
  41 hell hogs
  6 tengu warriors
  17 deep troll shamans
  7 titan zombies
  7 naga sharpshooters
  17 thrashing horrors
  15 deep troll earth magi
  22 iron golems
  4 orc high priests
  11 spriggan berserkers
  13 shock serpents
  20 deep elf knights
  15 spriggans
  42 sun demons
  Nergalle (Lair:2)
  6 titan skeletons
  5 shadow wraiths
  11 wretched stars
  9 storm dragon zombies
  28 soul eaters
  2 spatial maelstroms
  A quicksilver dragon simulacrum (Abyss:4)
  7 storm dragon skeletons
  122 skeletal warriors
  5 salamander mystics
  20 sixfirhies
  10 iron trolls
  9 shadow demons
  4 spriggan druids
  12 flayed ghosts
  3 golden dragon zombies
  A spark wasp zombie (Crypt:3)
  47 hell knights
  4 ghost moth zombies
  6 unseen horrors
  34 deep trolls
  A death drake (shapeshifter) (Vaults:5)
  8 glowing orange brains
  2 infernal demonspawn (Pan)
  8 death drakes
  13 swamp dragons
  11 anaconda zombies
  10 naga ritualists
  A torturous demonspawn (Pan)
  27 phantasmal warriors
  10 wizards
  8 shadow dragon zombies
  6 anaconda skeletons
  17 necromancers
  24 deep elf archers
  7 gelid demonspawn (Pan)
  9 wolf spider zombies
  20 ironbrand convokers
  3 lindwurms (Swamp:2)
  A shambling mangrove (Swamp:3)
  A golden dragon skeleton (Coc:4)
  11 orc knights
  3 shadow dragon skeletons
  2 tengu zombies
  12 mana vipers
  11 iron dragon zombies
  8 fire giant zombies
  6 shining eyes
  3 wolf spiders
  4 oklob plants (Lair:5)
  5 stone giant zombies
  3 manticores (shapeshifter)
  8 orc sorcerers
  3 harpies (Vaults:1)
  12 frost giant zombies
  A shining eye (shapeshifter) (Crypt:3)
  10 cyclopes
  65 deep elf magi
  A sphinx skeleton (Crypt:3)
  37 ugly things
  11 stone giant skeletons
  A moth of wrath (shapeshifter) (Vaults:4)
  12 salamanders
  5 worldbinders (Abyss:4)
  3 shock serpent zombies
  Psyche (D:11)
  9 elephants
  41 rust devils
  6 apocalypse crabs
  8 ice statues
  3 frost giant skeletons
  2 water nymphs (Abyss:4)
  15 fire giant skeletons
  5 iron dragon skeletons
  11 guardian serpents
  7 dire elephant zombies
  24 naga magi
  38 smoke demons
  9 vault sentinels
  3 dire elephant skeletons
  33 black mambas
  A spiny frog (shapeshifter) (Abyss:1)
  A storm dragon simulacrum (Hell)
  3 emperor scorpion zombies
  23 spiny frogs
  14 molten gargoyles
  14 orange demons
  2 centaur skeletons
  A shock serpent skeleton (Crypt:3)
  34 tormentors
  22 hellions
  A rime drake (Lair:3)
  11 demonic crawlers
  16 komodo dragons
  A black draconian zombie (Crypt:3)
  41 freezing wraiths
  2 komodo dragons (shapeshifter)
  64 yaktaurs
  24 hellwings
  44 ice devils
  3 catoblepas zombies
  3 kobold demonologists
  A catoblepas skeleton (Pan)
  9 efreet
  An anaconda simulacrum (Coc:3)
  8 ancient zymes
  44 red devils
  2 silent spectres
  2 harpy zombies
  A polar bear (Lair:3)
  A white draconian skeleton (Dis:6)
  29 guardian mummies
  8 trolls
  4 meliai
  14 hydra zombies
  A merfolk (D:10)
  2 iron troll skeletons (Dis:1)
  A jumping spider (shapeshifter) (Vaults:2)
  5 tyrant leeches
  A minotaur zombie (Tar:3)
  A meliai (shapeshifter) (Vaults:4)
  17 raiju
  12 ettin zombies
  2 slime creatures (shapeshifter)
  2 raiju (shapeshifter)
  2 wind drakes (WizLab)
  19 hornets
  7 hydra skeletons
  A hornet (shapeshifter) (Vaults:5)
  46 large abominations
  2 wolf spider simulacra (Crypt:1)
  3 harpy skeletons
  5 hippogriffs
  3 fire dragon zombies
  98 slime creatures
  13 bog bodies
  Grinder (D:6)
  11 blink frogs
  6 ice dragon zombies
  An alligator skeleton (Coc:4)
  A stone giant simulacrum (Crypt:2)
  11 alligator zombies
  A satyr skeleton (Crypt:3)
  5 fire dragon skeletons
  4 black mamba zombies
  119 flying skulls
  2 spriggans (shapeshifter)
  3 ice dragon skeletons
  36 shadows
  30 air elementals
  6 ynoxinuls
  9 water elementals
  39 wraiths
  4 wyverns
  9 redbacks
  A wyvern (shapeshifter) (Depths:5)
  A black mamba skeleton (Tar:5)
  35 yaks
  A yak (shapeshifter) (Depths:2)
  4 dire elephant simulacra
  3 humans
  3 tarantellas (shapeshifter)
  20 vampires
  24 fire elementals
  3 golden eyes (Slime:4)
  3 steam dragons
  2 basilisks (shapeshifter)
  13 ushabtiu
  9 ettin skeletons
  A golden eye (shapeshifter) (D:15)
  A catoblepas simulacrum (Crypt:2)
  5 basilisks
  30 neqoxecs
  15 vampire mosquitoes
  12 chaos spawn
  18 small abominations
  3 hungry ghosts
  An iron troll simulacrum (IceCv)
  Menkaure (D:6)
  2 harpy simulacra (IceCv)
  12 insubstantial wisps
  6 wargs
  2 soldier ants
  19 swamp worms
  Edmund (D:5)
  An acid dragon (shapeshifter) (Abyss:3)
  A gelid demonspawn zombie (Crypt:1)
  53 nagas
  7 spiny frog zombies
  78 hell hounds
  An acid dragon (Vaults:1)
  An infernal demonspawn zombie (Crypt:1)
  7 hydra simulacra
  10 water moccasins
  A water nymph skeleton (Crypt:2)
  2 deep troll zombies
  11 porcupines
  A floating eye (Depths:3)
  37 orc warriors
  22 swamp drakes
  15 ice beasts
  4 spiny frog skeletons
  A fire dragon simulacrum (Hell)
  2 manticore zombies
  4 sky beasts
  3 black bears
  9 snapping turtle zombies
  13 wolves
  2 eyes of draining (shapeshifter)
  31 necrophages
  14 phantoms
  A swamp dragon zombie (Coc:2)
  39 ogres
  9 boggarts
  A tengu (shapeshifter) (Vaults:3)
  8 eyes of draining
  2 swamp dragon skeletons
  2 centaurs (shapeshifter)
  An ettin simulacrum (IceCv)
  A manticore skeleton (Tar:1)
  12 centaurs
  4 snapping turtle skeletons
  13 crocodiles
  An elf simulacrum (Vaults:1)
  A rime drake zombie (Crypt:2)
  4 big kobolds
  Blork the orc (D:6)
  17 bullfrogs
  6 elf zombies
  An elf skeleton (Hell)
  4 earth elementals
  2 gnoll sergeants
  2 spiny frog simulacra
  4 scorpions
  2 wyvern skeletons
  A troll zombie (Geh:2)
  3 spriggan zombies
  7 killer bees
  A raiju zombie (Crypt:2)
  78 wights
  2 howler monkeys
  13 electric eels
  A troll skeleton (Tar:4)
  11 centaur zombies
  8 crimson imps
  5 lava snakes (Lair:6)
  A bullfrog zombie (D:5)
  A demonspawn zombie (Crypt:2)
  9 hounds
  7 jellies
  35 orc wizards
  A soldier ant zombie (Crypt:1)
  5 bullfrog skeletons
  21 orc priests
  A quasit (D:13)
  21 iron imps
  6 human zombies
  Natasha (thrice) (D:2)
  3 human skeletons
  2 demonspawn skeletons
  An iguana (D:14)
  19 hell rats
  11 worker ants
  2 naga zombies
  2 ogre zombies
  A big kobold zombie (Ossuary)
  A deep dwarf skeleton (Crypt:3)
  A naga skeleton (Tar:3)
  2 hound zombies (D:7)
  A tengu skeleton (Tar:1)
  37 mummies
  3 worker ant zombies
  9 gnolls
  11 adders
  17 river rats (Lair:2)
  A scorpion zombie (Crypt:1)
  13 shadow imps
  15 white imps
  3 ufetubi (Abyss:1)
  An adder zombie (D:5)
  4 worms
  2 ball lightnings (Pan)
  3 dart slugs (D:2)
  3 leopard geckos
  93 orcs
  12 giant cockroaches
  10 goblins
  9 hobgoblins
  18 jackals
  33 kobolds
  15 quokkas
  A ball python (D:2)
  A ball python skeleton (Crypt:2)
  10 bats
  8 frilled lizards
  2 goblin zombies (Ossuary)
  10 hobgoblin zombies (Ossuary)
  A jackal skeleton (D:7)
  A jackal zombie (Ossuary)
  2 kobold skeletons
  8 kobold zombies (Ossuary)
  8 orc zombies (Ossuary)
  14 rats
  A rat zombie (Ossuary)
  14 briar patches
  5 fungi
  2 lurking horrors (Abyss:3)
  3 plants
  6 starspawn tentacles (Abyss:1)
4902 creatures vanquished.

Vanquished Creatures (collateral kills)
  Antaeus (Coc:7)
  the Royal Jelly (Slime:5)
  Dispater (Dis:7)
  2 shard shrikes
  A caustic shrike (Depths:3)
  2 Brimstone Fiends
  A tentacled monstrosity (Pan)
  2 Ice Fiends (Coc:7)
  A lich (Depths:3)
  A Hell Sentinel (Dis:7)
  A quicksilver dragon (Dis:7)
  2 acid blobs (Slime:5)
  An Executioner (Abyss:4)
  An ancient champion (Dis:7)
  2 azure jellies (Slime:5)
  A cacodemon (Pan)
  A reaper (Dis:7)
  A death ooze (Slime:5)
  A quicksilver dragon zombie (Dis:7)
  6 death scarabs
  4 iron golems (Dis:7)
  A titan skeleton (Coc:7)
  An anaconda skeleton (Geh:7)
  A rust devil (Dis:7)
  An eye of devastation (Slime:5)
  A fire giant skeleton (Tomb:1)
  2 freezing wraiths (Coc:7)
  A tormentor (Geh:7)
  A guardian mummy (Tomb:2)
  3 slime creatures (Slime:1)
  A minotaur zombie (Coc:7)
  2 raiju (Abyss:4)
  An air elemental (Depths:3)
  A wraith (Coc:4)
  A neqoxec (Pan)
  6 hell hounds (Dis:7)
  3 iron imps (Dis:7)
61 creatures vanquished.

Vanquished Creatures (others)
  2 eldritch tentacles
  An elemental wellspring (Coc:5)
  2 bennus (Tomb:2)
  2 rakshasas
  12 death scarabs (Tomb:2)
  A thrashing horror (Abyss:3)
  A hell hog (Geh:5)
  A shadow wraith (Crypt:3)
  A large abomination (Abyss:4)
  A glowing orange brain (Pan)
  A deep elf mage (Elf:1)
  An iron dragon skeleton (Tomb:2)
  A hellion (Geh:5)
  A tormentor (Geh:5)
  A guardian mummy (Tomb:2)
  A red devil (Dis:2)
  A bog body (Coc:7)
  5 flying skulls
  A fire dragon zombie (Geh:7)
  A shadow (Geh:4)
  A water elemental (Elf:3)
  A neqoxec (Abyss:4)
  A naga (Snake:4)
  2 hell hounds
  An ogre (Vaults:2)
  A necrophage (Geh:7)
  2 small abominations (Abyss:4)
  A wight (Dis:3)
  An iron imp (Dis:3)
  An ogre skeleton (Geh:2)
  A mummy (Tomb:2)
  13 ball lightnings (Pan)
  2 orcs
  A ball python (D:3)
  A kobold (D:7)
  A briar patch (Swamp:4)
  25 fungi
  A lurking horror (Abyss:1)
  21 plants
  18 starspawn tentacles
134 creatures vanquished.

Grand Total: 5097 creatures vanquished

Notes
Turn   | Place    | Note
-------+----------+-------------------------------------------
     0 | D:1      | Gorice the Hill Orc Gladiator began the quest for the Orb.
     0 | D:1      | Reached XP level 1. HP: 18/18 MP: 1/1
   271 | D:1      | Reached XP level 2. HP: 25/25 MP: 2/2
   316 | D:1      | Reached skill level 1 in Armour
  1021 | D:2      | Noticed Natasha
  1027 | D:2      | Killed Natasha
  1027 | D:2      | Reached skill level 5 in Axes
  1027 | D:2      | Reached XP level 3. HP: 30/30 MP: 3/3
  1095 | D:2      | Reached skill level 2 in Armour
  1095 | D:2      | Reached XP level 4. HP: 36/37 MP: 4/4
  1277 | D:2      | Reached skill level 6 in Axes
  1463 | D:2      | Noticed Natasha
  1470 | D:2      | Killed Natasha
  1525 | D:2      | Reached XP level 5. HP: 42/42 MP: 5/5
  1969 | D:2      | Noticed Natasha
  1986 | D:2      | Killed Natasha
  2182 | D:2      | Reached skill level 7 in Axes
  2194 | D:2      | Reached skill level 3 in Armour
  2440 | D:3      | Noticed tidbits's ghost (weakling FeAE)
  2544 | D:2      | Reached XP level 6. HP: 30/50 MP: 6/6
  2841 | D:3      | Found a stormy altar of Qazlal.
  3053 | D:3      | Reached skill level 8 in Axes
  3782 | D:4      | Reached skill level 4 in Armour
  4022 | D:4      | Found a white marble altar of Elyvilon.
  4236 | D:4      | Found a hazy altar of Hepliaklqana.
  4382 | D:4      | Found a sacrificial altar of Ru.
  4394 | D:4      | Reached XP level 7. HP: 56/56 MP: 7/7
  4754 | D:4      | Found an opulent altar of Gozag.
  4754 | D:4      | Found a sparkling altar of Nemelex Xobeh.
  4755 | D:4      | Found a snail-covered altar of Cheibriados.
  4801 | D:5      | Entered Level 5 of the Dungeon
  4815 | D:5      | Reached skill level 9 in Axes
  5019 | D:5      | Noticed Suckerboh's ghost (novice TrMo)
  5087 | D:5      | Reached skill level 5 in Armour
  5226 | D:5      | Reached skill level 10 in Axes
  5226 | D:5      | Reached XP level 8. HP: 52/62 MP: 8/8
  5776 | D:5      | Reached skill level 11 in Axes
  5804 | D:5      | Reached skill level 6 in Armour
  6262 | D:5      | You fall through a shaft for 2 floors!
  6271 | D:7      | Found Juakkipo's Antique Armour Shop.
  6527 | D:6      | Found a sand-covered staircase.
  6553 | Ossuary  | Entered an ossuary
  6756 | Ossuary  | Reached skill level 12 in Axes
  7016 | Ossuary  | Reached XP level 9. HP: 62/68 MP: 9/9
  7254 | D:5      | Reached skill level 7 in Armour
  7372 | D:6      | Noticed Edmund
  7396 | D:5      | Killed Edmund
  7482 | D:5      | HP: 14/68 [orc priest/nerve-wracking pain (14)]
  7767 | D:6      | Reached skill level 13 in Axes
  7910 | D:6      | Noticed Grinder
  7934 | D:6      | Noticed Blork the orc
  7944 | D:6      | Killed Blork the orc
  8067 | D:6      | Paralysed by Grinder for 7 turns
  8077 | D:6      | Killed Grinder
  8334 | D:6      | Noticed Menkaure
  8347 | D:6      | Killed Menkaure
  8347 | D:6      | Reached skill level 8 in Armour
  8690 | D:6      | Reached skill level 14 in Axes
  8815 | D:7      | Bought a pair of runed boots for 210 gold pieces
  8843 | D:7      | Found Oxuas's Food Boutique.
  8854 | D:7      | Found Semya's Armour Shop.
  8921 | D:7      | Reached XP level 10. HP: 74/74 MP: 10/10
  8940 | D:7      | Found a staircase to the Ecumenical Temple.
  8953 | Temple   | Entered the Ecumenical Temple
  9112 | Temple   | Became a worshipper of the Shining One
  9162 | D:7      | Found Xulokek's General Store.
  9197 | D:7      | Bought a potion of might for 64 gold pieces
  9203 | D:7      | Found Gasmeodo's Antique Armour Emporium.
  9257 | D:7      | Reached skill level 9 in Armour
  9541 | D:7      | Found an iron altar of Okawaru.
  9557 | D:7      | Reached skill level 15 in Axes
  9629 | D:8      | Reached * piety under the Shining One
  9939 | D:8      | Noticed a cyclops
  9953 | D:8      | Killed a cyclops
 10386 | D:9      | Found a staircase to the Orcish Mines.
 10486 | D:9      | Reached skill level 16 in Axes
 10562 | D:9      | Got a glittering jade ring
 10563 | D:9      | Identified the ring of the Voivode {+Blink Dex+4 Stlth+} (You found it on level 9 of the Dungeon)
 10674 | D:9      | Reached skill level 3 in Fighting
 10807 | D:9      | Reached skill level 10 in Armour
 11150 | Orc:1    | Entered Level 1 of the Orcish Mines
 11150 | Orc:1    | Noticed Gastronok
 11150 | Orc:1    | Reached ** piety under the Shining One
 11335 | D:10     | Entered Level 10 of the Dungeon
 11420 | D:10     | Reached skill level 4 in Fighting
 11454 | D:10     | Reached XP level 11. HP: 84/84 MP: 11/11
 11517 | D:10     | Noticed a deep elf mage
 11530 | D:10     | Killed a deep elf mage
 11551 | D:10     | Reached skill level 5 in Fighting
 11555 | D:10     | HP: 25/86 [poisoned by a kobold]
 11560 | D:10     | HP: 18/86 [poisoned by a kobold]
 11565 | D:10     | HP: 13/86 [poisoned by a kobold]
 11571 | D:10     | HP: 10/86 [poisoned by a kobold]
 11576 | D:10     | HP: 8/86 [poisoned by a kobold]
 11581 | D:10     | HP: 7/86 [poisoned by a kobold]
 11588 | D:10     | HP: 7/86 [poisoned by a kobold]
 11596 | D:10     | HP: 7/86 [poisoned by a kobold]
 12119 | D:10     | Found a staircase to the Lair.
 12358 | D:10     | Reached *** piety under the Shining One
 13410 | Lair:1   | Entered Level 1 of the Lair of Beasts
 13591 | Lair:1   | Reached skill level 6 in Fighting
 13797 | Lair:1   | Reached skill level 11 in Armour
 14168 | Lair:1   | Reached skill level 17 in Axes
 14626 | Lair:2   | Reached skill level 7 in Fighting
 14693 | Lair:2   | Noticed a four-headed hydra
 14971 | Lair:2   | Noticed Harold
 15157 | Lair:2   | Noticed Nergalle
 15319 | Lair:2   | Killed Nergalle
 15319 | Lair:2   | Reached skill level 8 in Fighting
 15319 | Lair:2   | Reached XP level 12. HP: 101/101 MP: 12/12
 15539 | Lair:2   | Killed a four-headed hydra
 15913 | Lair:2   | Reached skill level 12 in Armour
 16166 | Lair:2   | Killed Harold
 16465 | Lair:3   | Reached skill level 9 in Fighting
 16613 | Lair:3   | Reached skill level 18 in Axes
 16630 | Lair:3   | Reached **** piety under the Shining One
 16867 | Lair:3   | Found a staircase to the Snake Pit.
 17016 | Lair:3   | Reached skill level 10 in Fighting
 17422 | Lair:3   | Identified a scroll of acquirement
 17428 | Lair:4   | Noticed a seven-headed hydra
 17539 | Lair:4   | Reached skill level 13 in Armour
 17685 | Lair:4   | Noticed a seven-headed hydra
 17705 | Lair:4   | HP: 26/106 [seven-headed hydra (7)]
 17706 | Lair:4   | HP: 11/106 [seven-headed hydra (3)]
 17712 | Lair:4   | HP: 26/106 [seven-headed hydra (8)]
 17731 | Lair:3   | HP: 23/106 [bullfrog (1)]
 18117 | Lair:3   | Reached XP level 13. HP: 103/113 MP: 13/13
 18219 | Lair:4   | Found a staircase to the Swamp.
 18577 | Lair:4   | Reached skill level 19 in Axes
 18823 | Lair:3   | HP: 32/113 [seven-headed hydra (9)]
 18828 | Lair:3   | HP: 22/113 [seven-headed hydra (2)]
 19162 | Lair:4   | Got a slimy chain mail
 19345 | Lair:4   | Identified the +6 chain mail of Vasibb {Dex+4} (You found it on level 4 of the Lair of Beasts)
 19423 | Lair:4   | Reached skill level 14 in Armour
 19894 | Lair:5   | Found a runed door.
 19894 | Lair:5   | Found a viscous altar of Jiyva.
 19894 | Lair:5   | Found a staircase to the Slime Pits.
 20668 | D:7      | Bought a spiked plate armour for 784 gold pieces
 20712 | D:7      | Bought a polished helmet for 199 gold pieces
 20724 | D:7      | Identified the +10 plate armour of the Orange Skies {rCorr MP+9 Int-4 Dex+3} (You bought it in a shop on level 7 of the Dungeon)
 20734 | D:7      | Identified the -4 helmet "Lor Hash" {-Cast rF- rN+++ SInv} (You bought it in a shop on level 7 of the Dungeon)
 21087 | Lair:6   | Entered Level 6 of the Lair of Beasts
 21275 | Lair:6   | Found a radiant altar of Vehumet.
 21339 | Lair:6   | Reached skill level 20 in Axes
 21438 | Lair:6   | Reached skill level 1 in Invocations
 21556 | Lair:6   | Reached skill level 2 in Invocations
 21725 | Lair:6   | Reached skill level 3 in Invocations
 21756 | Lair:6   | Reached skill level 15 in Armour
 21800 | Lair:6   | Reached skill level 4 in Invocations
 22045 | Lair:6   | Reached XP level 14. HP: 101/121 MP: 17/17
 22054 | Lair:6   | Reached skill level 5 in Invocations
 22297 | Lair:6   | Reached skill level 6 in Invocations
 22430 | Lair:6   | Found a large runed door.
 22431 | Lair:6   | Found a large runed door.
 23532 | Orc:1    | Killed Gastronok
 23532 | Orc:1    | Reached skill level 7 in Invocations
 23607 | Orc:2    | Entered Level 2 of the Orcish Mines
 23941 | Orc:2    | Found a staircase to the Elven Halls.
 23966 | Orc:2    | Found a bloodstained altar of Trog.
 24249 | Orc:1    | Reached skill level 8 in Invocations
 24574 | Orc:1    | Reached skill level 1 in Evocations
 24715 | Orc:1    | Reached ***** piety under the Shining One
 24965 | Orc:2    | Reached skill level 16 in Armour
 24966 | Orc:2    | Reached skill level 2 in Evocations
 25341 | Orc:2    | Reached skill level 3 in Evocations
 25633 | Orc:2    | Reached skill level 4 in Evocations
 25692 | Orc:2    | Paralysed by an orc sorcerer for 7 turns
 25733 | Orc:2    | Reached skill level 5 in Evocations
 25814 | Orc:2    | Found Sitoutta's Jewellery Shoppe.
 25821 | Orc:2    | Found Dekkex's General Store.
 25822 | Orc:2    | Found Taloth's Food Shoppe.
 25823 | Orc:2    | Found Onoc's Food Boutique.
 26293 | D:11     | Noticed Psyche
 26299 | D:11     | Killed Psyche
 26600 | D:11     | Reached ****** piety under the Shining One
 26905 | D:12     | Reached skill level 6 in Evocations
 27125 | D:11     | Reached skill level 9 in Invocations
 27385 | D:12     | Reached XP level 15. HP: 128/128 MP: 21/21
 27750 | D:13     | Reached skill level 11 in Fighting
 27923 | D:13     | Reached skill level 7 in Evocations
 28171 | D:13     | Reached skill level 10 in Invocations
 28651 | D:14     | Noticed Snorg
 28659 | D:14     | Killed Snorg
 29213 | D:14     | Found a gate to the Vaults.
 29227 | D:14     | Reached skill level 8 in Evocations
 29519 | D:14     | Reached skill level 12 in Fighting
 29519 | D:14     | Reached skill level 11 in Invocations
 29971 | D:15     | Entered Level 15 of the Dungeon
 30088 | D:15     | HP: 38/132 [deep elf mage/bolt of lightning (9)]
 30095 | D:15     | HP: 25/132 [skeletal warrior/dire flail[a skeletal warrior] (11)]
 30125 | D:15     | HP: 11/132 [skeletal warrior/dire flail[a skeletal warrior] (12)]
 31114 | D:15     | Reached skill level 12 in Invocations
 31313 | D:15     | Reached skill level 13 in Fighting
 31668 | D:15     | Found a staircase to the Depths.
 32030 | Swamp:1  | Entered Level 1 of the Swamp
 32144 | Swamp:1  | Upgraded the game from 0.21.0 to 0.21.0-3-g78d12a8
 32167 | Swamp:1  | Reached skill level 14 in Fighting
 32167 | Swamp:1  | Reached XP level 16. HP: 109/146 MP: 25/25
 32201 | Swamp:1  | Reached skill level 2 in Throwing
 32583 | Swamp:1  | Reached skill level 3 in Throwing
 32621 | Swamp:1  | Noticed a thorn hunter
 32634 | Swamp:1  | Killed a thorn hunter
 33533 | Swamp:2  | Reached skill level 4 in Throwing
 33580 | Swamp:2  | Found a frozen archway.
 33598 | IceCv    | Entered an ice cave
 34134 | IceCv    | Reached skill level 15 in Fighting
 34140 | IceCv    | Reached skill level 5 in Throwing
 34377 | IceCv    | Identified the Tome of Earthen Cold
 34384 | IceCv    | Identified the cursed +1 scale mail "Joereat" {*Corrode Regen+ Slay+2} (You found it in an ice cave)
 34463 | Swamp:2  | Got a vibrating steel ring
 34464 | Swamp:2  | Identified the cursed ring "Foedulox" {rElec rF+ rC+ Int-3 Stlth+} (You found it on level 2 of the Swamp)
 34478 | Swamp:2  | Noticed a thorn hunter
 34489 | Swamp:2  | Killed a thorn hunter
 34864 | Swamp:2  | HP: 44/149 [fire dragon/blast of flame (58)]
 35207 | Swamp:2  | Reached skill level 6 in Throwing
 36059 | Swamp:3  | Reached skill level 16 in Fighting
 36062 | Swamp:3  | Reached skill level 7 in Throwing
 36199 | Swamp:3  | Noticed Jorgrun
 36214 | Swamp:3  | Killed Jorgrun
 36214 | Swamp:3  | Reached skill level 3 in Dodging
 36411 | Swamp:3  | Reached skill level 8 in Throwing
 36411 | Swamp:3  | Reached XP level 17. HP: 158/158 MP: 26/26
 36898 | Swamp:3  | Reached skill level 4 in Dodging
 37038 | Swamp:4  | Entered Level 4 of the Swamp
 37232 | Swamp:3  | Reached skill level 5 in Dodging
 37568 | Swamp:4  | Reached skill level 6 in Dodging
 37979 | Swamp:4  | Reached skill level 9 in Evocations
 38127 | Swamp:4  | Got a decaying rune of Zot
 38492 | Swamp:1  | Reached skill level 7 in Dodging
 38657 | Snake:1  | Entered Level 1 of the Snake Pit
 39646 | Snake:1  | Reached skill level 10 in Evocations
 40038 | Snake:2  | Reached skill level 8 in Dodging
 40618 | Snake:2  | Reached XP level 18. HP: 117/166 MP: 27/27
 40946 | Snake:2  | Reached skill level 11 in Evocations
 41322 | Snake:2  | Reached skill level 9 in Dodging
 41565 | Snake:3  | Found Hyraemit's Assorted Antiques.
 41578 | Snake:3  | Bought a shiny ivory ring for 130 gold pieces
 41591 | Snake:3  | Found Yfotadd's Weapon Shop.
 41798 | Snake:3  | Found Fempoblyf's Antique Weapon Emporium.
 41810 | Snake:3  | Found Yngy's Antique Weapon Emporium.
 41825 | Snake:3  | Found Irawnick's Weapon Boutique.
 41829 | Snake:3  | Found Wuphos's General Store.
 41851 | Snake:3  | Bought a scroll of silence for 105 gold pieces
 42096 | Snake:3  | Found Cyomaaw's Weapon Boutique.
 42741 | Snake:3  | Bought the +8 battleaxe of Waum {flame, +Blink SInv} for 1188 gold pieces
 42759 | Snake:4  | Entered Level 4 of the Snake Pit
 42776 | Snake:4  | Noticed Aizul
 42796 | Snake:4  | Killed Aizul
 43182 | Snake:4  | Found Woyf's Food Emporium.
 43187 | Snake:4  | Found Kocraim's Weapon Emporium.
 43196 | Snake:4  | Found Evvutimus's Distillery.
 43197 | Snake:4  | Found Qaemayn's General Store.
 43204 | Snake:4  | Bought a potion of heal wounds for 65 gold pieces
 43204 | Snake:4  | Bought a potion of heal wounds for 65 gold pieces
 43297 | Snake:4  | Reached skill level 12 in Evocations
 43370 | Snake:4  | Noticed Louise
 43388 | Snake:4  | Killed Louise
 43396 | Snake:4  | Reached skill level 10 in Dodging
 44497 | Snake:4  | Reached skill level 11 in Dodging
 44588 | Snake:4  | Reached skill level 13 in Invocations
 44805 | Snake:4  | Reached XP level 19. HP: 111/172 MP: 28/28
 44811 | Snake:4  | HP: 48/172 [shock serpent/bolt of electricity (7)]
 44840 | Snake:4  | HP: 50/172 [naga mage/halberd (3)]
 44845 | Snake:4  | HP: 50/172 [poisoned by a naga mage (poison arrow)]
 44850 | Snake:4  | HP: 48/172 [poisoned by a naga mage (poison arrow)]
 44855 | Snake:4  | HP: 48/172 [poisoned by a naga mage (poison arrow)]
 44862 | Snake:4  | HP: 49/172 [poisoned by a naga mage (poison arrow)]
 44870 | Snake:4  | HP: 50/172 [poisoned by a naga mage (poison arrow)]
 45236 | Snake:4  | Noticed Donald
 45250 | Snake:4  | Killed Donald
 45689 | Snake:4  | Reached skill level 12 in Dodging
 45800 | Snake:4  | Reached skill level 14 in Invocations
 46067 | Snake:4  | Got a serpentine rune of Zot
 46332 | Lair:1   | Learned a level 1 spell: Apportation
 46334 | Lair:1   | Learned a level 1 spell: Summon Butterflies
 46490 | Vaults:1 | Entered Level 1 of the Vaults
 47460 | Vaults:1 | Reached skill level 17 in Fighting
 47634 | Vaults:1 | Reached skill level 17 in Armour
 48375 | Vaults:2 | Reached XP level 20. HP: 180/185 MP: 30/30
 49076 | Vaults:2 | Reached skill level 18 in Fighting
 49319 | Vaults:2 | Reached skill level 18 in Armour
 50008 | Vaults:2 | Reached skill level 19 in Fighting
 50035 | Vaults:2 | Found a staircase to the Crypt.
 50695 | Vaults:3 | Found a magical portal.
 50735 | WizLab   | Entered The Chambers of the Cloud Mage
 51479 | WizLab   | Reached skill level 19 in Armour
 51503 | WizLab   | Noticed Nontul
 51517 | WizLab   | Killed Nontul the Cloud Mage
 51530 | WizLab   | Reached XP level 21. HP: 81/199 MP: 31/31
 51814 | WizLab   | Got a heavily runed marble ring
 51820 | WizLab   | Identified the Tome of Air
 51833 | WizLab   | Got a scorched quick blade
 51834 | WizLab   | Identified the ring "Midowomi" {MR+ EV+3 Int+4} (You found it in a wizard's laboratory)
 52562 | Vaults:3 | HP: 31/200 [vault warden/halberd (36)]
 52576 | Vaults:3 | HP: 17/200 [ice dragon/blast of cold (28)]
 53070 | Vaults:3 | Reached skill level 20 in Fighting
 54296 | Vaults:3 | Reached skill level 20 in Armour
 55085 | Vaults:4 | Noticed Margery
 55115 | Vaults:4 | Reached skill level 21 in Fighting
 55175 | Vaults:4 | Killed Margery
 55428 | Vaults:4 | Noticed Saint Roka
 55468 | Vaults:4 | Killed Saint Roka
 55797 | Vaults:4 | Reached XP level 22. HP: 102/213 MP: 32/32
 56753 | Vaults:4 | Noticed Boris
 56770 | Vaults:4 | Killed Boris
 56770 | Vaults:4 | Reached skill level 21 in Armour
 57307 | Crypt:1  | Entered Level 1 of the Crypt
 57355 | Crypt:1  | Reached skill level 22 in Fighting
 57627 | Crypt:1  | Noticed Sojobo
 57646 | Crypt:1  | Killed Sojobo
 57905 | Crypt:1  | Found a shimmering altar of Xom.
 57947 | Crypt:1  | Found a one-way gate to the infinite horrors of the Abyss.
 58265 | Crypt:1  | Reached skill level 22 in Armour
 58783 | Crypt:2  | Reached XP level 23. HP: 223/223 MP: 33/33
 58991 | Crypt:2  | Reached skill level 13 in Evocations
 59469 | Crypt:3  | Entered Level 3 of the Crypt
 59552 | Crypt:3  | Found a runed gate.
 59552 | Crypt:3  | Found a runed gate.
 59552 | Crypt:3  | Found a runed gate.
 59634 | Crypt:3  | Paralysed by a vampire knight for 3 turns
 59648 | Crypt:3  | Reached skill level 13 in Dodging
 59874 | Crypt:3  | Found a staircase to the Tomb.
 60328 | Crypt:3  | Identified the Collected Works on Darkness
 60437 | Crypt:3  | Noticed Jory
 60454 | Crypt:3  | Reached skill level 14 in Evocations
 60468 | Crypt:3  | Killed Jory
 60497 | Crypt:3  | Got a scorched platinum ring
 60648 | Crypt:3  | Got a glittering copper ring
 60648 | Crypt:3  | Got a faintly glowing iron ring
 60653 | Crypt:3  | Identified the Collected Works on Aid
 60658 | Crypt:3  | Identified the ring of Dithmenos's Approval {rF++ rC- rN+ MR++} (You took it off Jory on level 3 of the Crypt)
 60659 | Crypt:3  | Identified the ring "Zoduoheth" {+Fly rElec rN+ MR-} (You found it on level 3 of the Crypt)
 60660 | Crypt:3  | Identified the ring "Ceigefuasm" {rN+ Int-3 Dex+4 Stlth+} (You found it on level 3 of the Crypt)
 61857 | Elf:1    | Entered Level 1 of the Elven Halls
 61999 | Elf:1    | Reached skill level 14 in Dodging
 62539 | Elf:1    | Reached skill level 15 in Evocations
 62648 | Elf:1    | Identified the Handbook of Black Secrets
 63202 | Elf:2    | Found a flickering gateway to a bazaar.
 63237 | Bazaar   | Entered a bazaar
 63237 | Bazaar   | Found Owked's Antique Armour Shoppe.
 63237 | Bazaar   | Found Herif's Antique Armour Shoppe.
 63238 | Bazaar   | Found Goxeam's Antique Armour Emporium.
 63238 | Bazaar   | Found Zihyv's Distillery.
 63255 | Bazaar   | Bought a potion of haste for 100 gold pieces
 63266 | Bazaar   | Bought a twisted helmet for 256 gold pieces
 63267 | Bazaar   | Identified the +1 helmet of Day {MR++ Str+3 Dex-4} (You bought it in a shop in a bazaar)
 63289 | Bazaar   | Bought a potion of might for 40 gold pieces
 63289 | Bazaar   | Bought a potion of curing for 30 gold pieces
 63289 | Bazaar   | Bought a potion of curing for 30 gold pieces
 63289 | Bazaar   | Bought a potion of curing for 30 gold pieces
 63525 | Elf:2    | Reached XP level 24. HP: 231/231 MP: 34/34
 63621 | Elf:2    | Found a runed gate.
 63621 | Elf:2    | Found a runed gate.
 63621 | Elf:2    | Found a runed gate.
 64223 | Elf:3    | Entered Level 3 of the Elven Halls
 64387 | Elf:3    | Noticed dscm's ghost (adept DsNe)
 64408 | Elf:3    | Killed dscm's ghost
 64444 | Elf:3    | Reached skill level 16 in Evocations
 64444 | Elf:3    | Reached skill level 15 in Dodging
 64456 | Elf:3    | Found Uggistra's Antique Armour Boutique.
 64745 | Elf:2    | Reached skill level 1 in Summonings
 64942 | Elf:3    | Reached skill level 1 in Spellcasting
 65087 | Elf:3    | Reached skill level 2 in Summonings
 65585 | Elf:3    | Reached skill level 2 in Spellcasting
 65608 | Elf:3    | Reached skill level 3 in Summonings
 65632 | Elf:3    | Got a warped lead ring
 65648 | Elf:3    | Identified the ring "Samm" {+Inv rElec rPois Str+4} (You took it off a deep elf master archer on level 3 of the Elven Halls)
 65869 | Elf:3    | Got a slimy silver ring
 65939 | Elf:3    | Identified Zuvapnau's Compendium of Ashen Translocation
 65979 | Elf:3    | Identified the ring of Darkness {Fire rPois rN+ MR+ Stlth+} (You took it off a deep elf mage on level 3 of the Elven Halls)
 66361 | Depths:1 | Entered Level 1 of the Depths
 66707 | D:15     | Reached skill level 4 in Summonings
 66714 | D:15     | Reached skill level 3 in Spellcasting
 67205 | D:15     | Reached skill level 5 in Summonings
 67294 | D:15     | Reached skill level 4 in Spellcasting
 67582 | D:15     | Got a glittering iron ring
 67585 | D:15     | Identified the ring "Wecythru" {rC+ MR+ Str-3 Int+3 Dex+5} (You took it off a frost giant on level 15 of the Dungeon)
 67694 | Depths:1 | Reached XP level 25. HP: 169/238 MP: 35/35
 67718 | Depths:1 | HP: 68/238 [deep troll shaman (illusionary) (30)]
 67718 | Depths:1 | HP: 29/238 [deep troll shaman (illusionary) (21)]
 68294 | D:15     | Reached skill level 6 in Summonings
 68592 | Depths:1 | Identified the Disquisition on Lucky Flight
 68599 | Depths:1 | Identified the +1 helmet of the Centipede {rPois rF+ Str+3} (You found it on level 1 of the Depths)
 68848 | Depths:1 | Reached skill level 16 in Dodging
 68918 | Depths:1 | Reached skill level 5 in Spellcasting
 68933 | Depths:1 | Found a gateway to Hell.
 69462 | Depths:1 | Reached skill level 7 in Summonings
 69477 | Depths:2 | Noticed Asterion
 69494 | Depths:1 | Killed Asterion
 70711 | Depths:2 | Reached skill level 6 in Spellcasting
 70714 | Depths:2 | Reached skill level 8 in Summonings
 71309 | D:15     | Learned a level 2 spell: Swiftness
 71528 | Depths:3 | Reached skill level 9 in Summonings
 71582 | Depths:3 | Reached skill level 7 in Spellcasting
 71658 | Depths:3 | Paralysed by a floating eye for 4 turns
 71811 | Depths:3 | Noticed Frederick
 71818 | Depths:3 | Killed Frederick
 71994 | Depths:3 | Found a one-way gate leading to the halls of Pandemonium.
 72262 | Depths:3 | Reached XP level 26. HP: 166/246 MP: 35/35
 72266 | Depths:3 | HP: 53/246 [flayed ghost/flay_damage (27)]
 72352 | Depths:3 | HP: 71/246 [stone giant/large rock (32)]
 72368 | Depths:3 | HP: 61/246 [stone giant (17)]
 72370 | Depths:3 | Reached skill level 10 in Summonings
 72895 | Depths:3 | Reached skill level 17 in Dodging
 72895 | Depths:3 | Reached skill level 8 in Spellcasting
 73394 | Depths:3 | Got a shimmering turquoise ring
 73584 | Depths:3 | Noticed a juggernaut
 73596 | Depths:3 | Killed a juggernaut
 73596 | Depths:3 | Reached skill level 9 in Spellcasting
 73609 | Depths:3 | HP: 69/246 [caustic shrike (22)]
 74131 | Depths:3 | Identified the ring "Ydghoxu" {+Inv EV+4} (You took it off a spriggan air mage on level 3 of the Depths)
 74220 | Depths:4 | Found a gateway to a ziggurat.
 74262 | Depths:4 | Found a burning altar of Makhleb.
 75133 | Depths:4 | Reached skill level 1 in Charms
 75156 | Depths:4 | Reached skill level 10 in Spellcasting
 75190 | Depths:4 | Reached skill level 2 in Charms
 75592 | Depths:4 | Got a heavily runed bronze amulet
 75595 | Depths:4 | Identified Vinkocit's Handbook of Ashen Moulding
 75606 | Depths:4 | Identified the amulet "Zeren" {RegenMP Str+9} (You found it on level 4 of the Depths)
 75714 | Depths:4 | Learned a level 2 spell: Blink
 76157 | Depths:4 | Reached skill level 18 in Dodging
 76157 | Depths:4 | Reached skill level 1 in Translocations
 76484 | Depths:4 | Noticed a juggernaut
 76529 | Depths:4 | Killed a juggernaut
 76529 | Depths:4 | Reached skill level 2 in Translocations
 76543 | Depths:4 | HP: 72/246 [fire giant/fireball (22)]
 76548 | Depths:4 | HP: 41/246 [storm dragon (2)]
 76566 | Depths:4 | HP: 43/246 [storm dragon (7)]
 76571 | Depths:4 | HP: 37/246 [fire giant/bolt of fire (8)]
 77080 | Depths:4 | Reached skill level 3 in Translocations
 77080 | Depths:4 | Reached XP level 27. HP: 243/254 MP: 37/37
 77286 | Depths:5 | Entered Level 5 of the Depths
 77666 | Depths:5 | Reached skill level 4 in Translocations
 77679 | Depths:5 | Noticed the Enchantress
 77702 | Depths:5 | Killed the Enchantress
 77731 | Depths:5 | HP: 76/254 [elephant[a spriggan berserker] (6)]
 77748 | Depths:5 | Got faerie dragon scales
 77767 | Depths:5 | HP: 76/254 [spriggan defender/vampiric lajatang[the Enchantress] (15)]
 77772 | Depths:5 | HP: 59/254 [spriggan defender/vampiric lajatang[the Enchantress] (12)]
 77781 | Depths:5 | HP: 52/254 [spriggan air mage/the air[the Enchantress] (1)]
 77794 | Depths:5 | HP: 50/254 [golden dragon/bolt of cold (6)]
 77796 | Depths:5 | Reached skill level 11 in Spellcasting
 77804 | Depths:5 | HP: 52/254 [air elemental/tornado[a spriggan air mage] (3)]
 77809 | Depths:5 | HP: 41/254 [air elemental/tornado[a spriggan air mage] (4)]
 77810 | Depths:5 | HP: 12/254 [spriggan air mage/the air (24)]
 77823 | Depths:4 | HP: 43/254 [air elemental/tornado[a spriggan air mage] (3)]
 78288 | Depths:5 | Reached skill level 5 in Translocations
 78640 | Depths:5 | Identified the +4 faerie dragon scales {rCorr Str+6 Dex+2} (You took it off the Enchantress on level 5 of the Depths)
 78985 | Depths:5 | Found a portal to a secret trove of treasure.
 79005 | Depths:5 | Found a gate to the Realm of Zot.
 79035 | Depths:5 | Reached skill level 6 in Translocations
 79054 | Depths:5 | Found Aseroff's Gadget Shoppe.
 79054 | Depths:5 | Found Vodol's Jewellery Boutique.
 79055 | Depths:5 | Found Kelior's Gadget Shoppe.
 79175 | Depths:5 | Learned a level 3 spell: Portal Projectile
 80545 | Vaults:5 | Entered Level 5 of the Vaults
 80557 | Vaults:4 | Reached skill level 1 in Hexes
 80696 | Vaults:4 | Reached skill level 2 in Hexes
 80852 | Vaults:4 | Reached skill level 7 in Translocations
 80905 | Vaults:4 | Reached skill level 3 in Hexes
 81355 | Vaults:4 | Reached skill level 19 in Dodging
 81437 | Vaults:4 | Reached skill level 4 in Hexes
 81739 | Vaults:4 | Reached skill level 5 in Hexes
 81931 | Vaults:4 | Reached skill level 8 in Translocations
 82206 | Vaults:5 | Reached skill level 6 in Hexes
 82800 | Vaults:5 | Found the +4 arc blade {discharge, rElec}
 82819 | Vaults:5 | Identified the Tome of Enhancements and Orientation
 82976 | Vaults:5 | Reached skill level 7 in Hexes
 83022 | Vaults:5 | Got a silver rune of Zot
 83052 | Vaults:5 | Reached skill level 9 in Translocations
 83250 | Vaults:5 | Reached skill level 8 in Hexes
 84221 | Slime:1  | Entered Level 1 of the Pits of Slime
 84247 | Slime:1  | HP: 74/254 [very large slime creature (35)]
 84637 | Slime:2  | Reached skill level 9 in Hexes
 84672 | Slime:2  | Gained mutation: You are weak. (Str -2) [a shining eye]
 85094 | Slime:4  | Reached skill level 20 in Dodging
 85145 | Slime:4  | Gained mutation: You are frail. (-10% HP) [a shining eye]
 85149 | Slime:4  | Gained mutation: Your magical capacity is low. (-10% MP) [a shining eye]
 85230 | Slime:5  | Entered Level 5 of the Pits of Slime
 85269 | Slime:5  | Gained mutation: Your spells are a little easier to cast, but a little less powerful. [a shining eye]
 85275 | Slime:5  | Gained mutation: Your magical capacity is very low. (-20% MP) [a shining eye]
 85363 | Slime:5  | Noticed the Royal Jelly
 86273 | Slime:5  | Reached skill level 10 in Hexes
 86677 | Slime:5  | Found a viscous altar of Jiyva.
 86693 | Slime:5  | Killed the Royal Jelly
 86717 | Slime:5  | HP: 68/228 [acid[the Royal Jelly] (1)]
 86729 | Slime:5  | HP: 55/228 [death ooze[the Royal Jelly] (16)]
 86771 | Slime:5  | Got a slimy rune of Zot
 86773 | Slime:5  | Got a translucent emerald amulet
 86838 | Slime:5  | Got a crude granite ring
 86893 | Slime:5  | Identified the amulet of Yfarghu {Harm *Drain Fragile rPois rC+} (You found it on level 5 of the Pits of Slime)
 86895 | Slime:5  | Identified the ring of Muogo {Ice rElec} (You found it on level 5 of the Pits of Slime)
 86897 | Slime:5  | Lost mutation: Your magical capacity is very low. (-20% MP) [potion of mutation]
 86897 | Slime:5  | Lost mutation: You are frail. (-10% HP) [potion of mutation]
 86897 | Slime:5  | Gained mutation: Armour fits poorly on your strangely shaped body. [potion of mutation]
 86897 | Slime:5  | Gained mutation: You have supernaturally acute eyesight. (SInv) [potion of mutation]
 86898 | Slime:5  | Lost mutation: You are weak. (Str -2) [potion of mutation]
 86898 | Slime:5  | Lost mutation: Your magical capacity is low. (-10% MP) [potion of mutation]
 86898 | Slime:5  | Lost mutation: Your spells are a little easier to cast, but a little less powerful. [potion of mutation]
 86898 | Slime:5  | Gained mutation: You have a pair of small antennae on your head. [potion of mutation]
 86898 | Slime:5  | Gained mutation: You are surrounded by a mild repulsion field. (EV +2) [potion of mutation]
 86899 | Slime:5  | Lost mutation: Armour fits poorly on your strangely shaped body. [potion of mutation]
 86899 | Slime:5  | Gained mutation: Your spells are a little harder to cast, but a little more powerful. [potion of mutation]
 86899 | Slime:5  | Gained mutation: You have very sharp teeth. [potion of mutation]
 86900 | Slime:5  | Lost mutation: Your spells are a little harder to cast, but a little more powerful. [potion of mutation]
 86900 | Slime:5  | Gained mutation: You are agile. (Dex +2) [potion of mutation]
 86900 | Slime:5  | Gained mutation: You possess an exceptional clarity of mind. [potion of mutation]
 86900 | Slime:5  | Gained mutation: Your magical capacity is low. (-10% MP) [potion of mutation]
 86900 | Slime:5  | Gained mutation: You are resistant to hostile enchantments. (MR+) [potion of mutation]
 86901 | Slime:5  | Lost mutation: Your magical capacity is low. (-10% MP) [potion of mutation]
 86901 | Slime:5  | Lost mutation: You have supernaturally acute eyesight. (SInv) [potion of mutation]
 86901 | Slime:5  | Lost mutation: You have a pair of small antennae on your head. [potion of mutation]
 86901 | Slime:5  | Lost mutation: You are agile. (Dex +2) [potion of mutation]
 86901 | Slime:5  | Gained mutation: Your natural rate of healing is unusually fast. [potion of mutation]
 87064 | Lair:1   | Identified a +3 executioner's axe of holy wrath (a +1 executioner's axe of chopping blessed by the Shining One)
 87064 | Lair:1   | Received a gift from the Shining One
 87331 | Depths:1 | Voluntarily entered the Abyss.
 87657 | Abyss:1  | Gained mutation: Scrolls take you a little longer to read. [a neqoxec]
 88013 | Abyss:1  | Reached skill level 21 in Axes
 88411 | Abyss:2  | Found a corrupted altar of Lugonu.
 88479 | Abyss:3  | Found a hide-covered altar of Uskayaw.
 88583 | Abyss:3  | Noticed an ancient lich
 88601 | Abyss:3  | Killed an ancient lich
 88601 | Abyss:3  | Reached skill level 22 in Axes
 88967 | Abyss:4  | Got an abyssal rune of Zot
 89008 | Abyss:4  | Reached skill level 23 in Axes
 89043 | Abyss:4  | Paralysed by accursed screaming for 1 turns
 89051 | Abyss:4  | Paralysed by accursed screaming for 1 turns
 89061 | Abyss:4  | Paralysed by accursed screaming for 2 turns
 89063 | Abyss:4  | HP: 75/254 [ancient zyme (illusionary) (5)]
 89069 | Abyss:4  | HP: 67/254 [rakshasa/vampiric trident (5)]
 89079 | Abyss:4  | HP: 75/254 [starcursed mass/accursed screaming (9)]
 89081 | Abyss:4  | Paralysed by accursed screaming for 1 turns
 89086 | Abyss:4  | HP: 39/254 [starcursed mass/accursed screaming (12)]
 89097 | Abyss:4  | HP: 34/254 [starcursed mass/accursed screaming (5)]
 89104 | Abyss:4  | HP: 46/254 [starcursed mass/accursed screaming (11)]
 89104 | Abyss:4  | Paralysed by accursed screaming for 1 turns
 89127 | Abyss:4  | HP: 34/254 [starcursed mass/accursed screaming (4)]
 89135 | Abyss:4  | HP: 34/254 [starcursed mass/accursed screaming (7)]
 89142 | Abyss:4  | HP: 23/254 [starcursed mass/accursed screaming (6)]
 89154 | Abyss:4  | HP: 35/254 [red devil/trident[a balrug] (12)]
 89159 | Abyss:4  | HP: 40/254 [balrug/divine providence (12)]
 89166 | Abyss:4  | HP: 36/254 [sun demon[a balrug] (4)]
 89201 | Abyss:4  | HP: 43/254 [rakshasa/orb of energy (22)]
 89202 | Abyss:4  | HP: 12/254 [rakshasa/orb of energy (31)]
 89226 | Abyss:4  | HP: 53/254 [thrashing horror (1)]
 89426 | Abyss:4  | Paralysed by accursed screaming for 1 turns
 89447 | Abyss:4  | Reached skill level 24 in Axes
 89515 | Abyss:4  | HP: 70/254 [smoke demon/divine providence (14)]
 89528 | Abyss:4  | HP: 71/254 [smoke demon/divine providence (10)]
 89571 | Abyss:4  | HP: 75/254 [starcursed mass/accursed screaming (7)]
 89576 | Abyss:4  | HP: 72/254 [starcursed mass/accursed screaming (6)]
 89585 | Abyss:4  | HP: 60/254 [starcursed mass/accursed screaming (8)]
 89590 | Abyss:4  | HP: 59/254 [smoke demon/divine providence (12)]
 89629 | Abyss:4  | Reached skill level 25 in Axes
 89661 | Depths:1 | Escaped the Abyss
 90216 | Pan      | Entered Pandemonium
 90468 | Pan      | Noticed Peroym the pandemonium lord
 90513 | Pan      | Killed Peroym the pandemonium lord
 90634 | Depths:3 | Escaped Pandemonium
 90641 | Pan      | Entered Pandemonium
 90656 | Pan      | Noticed Qaduf the pandemonium lord
 90665 | Pan      | Reached skill level 26 in Axes
 90667 | Pan      | HP: 63/254 [??? (32)]
 90671 | Pan      | Killed Qaduf the pandemonium lord
 90678 | Pan      | Reached skill level 9 in Throwing
 91101 | Pan      | Reached skill level 10 in Throwing
 91174 | Pan      | Noticed Wiotwaer the pandemonium lord
 91181 | Pan      | Killed Wiotwaer the pandemonium lord
 91253 | Pan      | Reached skill level 11 in Throwing
 91422 | Depths:3 | Escaped Pandemonium
 91429 | Depths:3 | Got a crude shield
 91435 | Pan      | Entered Pandemonium
 91720 | Pan      | Noticed Zaussiu the pandemonium lord
 91738 | Pan      | Killed Zaussiu the pandemonium lord
 91775 | Pan      | Got a demonic rune of Zot
 91796 | Pan      | Reached skill level 12 in Throwing
 91816 | Pan      | Entered the realm of Cerebov.
 92122 | Pan      | Reached skill level 13 in Throwing
 92177 | Pan      | Identified the +8 broad axe of the Sky {speed, *Contam +Blink rPois} (You found it in Pandemonium)
 92179 | Pan      | Got a scintillating pewter amulet
 92189 | Pan      | Identified the amulet "Ytopacul" {Reflect Dex+6 SH+3} (You found it in Pandemonium)
 92197 | Pan      | Noticed Cerebov
 92218 | Pan      | HP: 74/254 [Cerebov/iron shot (74)]
 92221 | Pan      | Killed Cerebov
 92259 | Pan      | Got a fiery rune of Zot
 92459 | Pan      | Got a shimmering lead amulet
 92481 | Pan      | Identified the Grimoire of Mutagenic Feathers
 92544 | Pan      | Identified the Almanac of Dung
 92665 | Pan      | Reached skill level 14 in Throwing
 92753 | Pan      | Identified the amulet "Wampec" {Spirit Dex+3 Slay+3} (You found it in Pandemonium)
 92922 | Depths:3 | Escaped Pandemonium
 92933 | Pan      | Entered Pandemonium
 93219 | Pan      | Entered the realm of Lom Lobon.
 93219 | Pan      | Found an exit through the horrors of the Abyss.
 93596 | Pan      | Reached skill level 15 in Throwing
 93941 | Pan      | Identified the Almanac of Conjuration and Displacement
 93981 | Pan      | Paralysed by a wizard for 2 turns
 94037 | Pan      | Reached skill level 16 in Throwing
 94102 | Pan      | Noticed Lom Lobon
 94129 | Pan      | Got a magical rune of Zot
 94173 | Pan      | Entered the realm of Gloorx Vloq.
 94707 | Pan      | Noticed Gloorx Vloq
 94711 | Pan      | HP: 67/254 [??? (34)]
 94713 | Pan      | HP: 31/254 [??? (14)]
 94718 | Pan      | HP: 39/253 [poisoned by Gloorx Vloq (dark miasma)]
 94723 | Pan      | HP: 49/254 [poisoned by Gloorx Vloq (dark miasma)]
 94728 | Pan      | HP: 50/254 [poisoned by Gloorx Vloq (dark miasma)]
 94734 | Pan      | HP: 54/254 [poisoned by Gloorx Vloq (dark miasma)]
 94742 | Pan      | HP: 59/254 [poisoned by Gloorx Vloq (dark miasma)]
 95001 | Pan      | Got a vibrating tin amulet
 95004 | Pan      | Identified the amulet of Surprise {+Rage Int+3 SInv} (You found it in Pandemonium)
 95034 | Pan      | HP: 73/254 [??? (37)]
 95035 | Pan      | HP: 34/254 [??? (16)]
 95040 | Pan      | HP: 52/254 [phantasmal warrior[a curse skull] (12)]
 95046 | Pan      | HP: 58/254 [Executioner (6)]
 95113 | Pan      | Reached skill level 17 in Throwing
 95369 | Pan      | HP: 64/254 [??? (32)]
 95388 | Pan      | HP: 76/254 [Executioner (3)]
 95619 | Pan      | Killed Gloorx Vloq
 95629 | Pan      | Got a dark rune of Zot
 95753 | Pan      | Entered the realm of Mnoleg.
 95846 | Pan      | Gained mutation: You are frail. (-10% HP) [a neqoxec]
 95888 | Pan      | Reached skill level 18 in Throwing
 95951 | Pan      | Lost mutation: Scrolls take you a little longer to read. [a cacodemon]
 96084 | Pan      | Gained mutation: Armour fits poorly on your strangely shaped body. [a neqoxec]
 96121 | Pan      | Gained mutation: Scrolls take you a little longer to read. [a cacodemon]
 96130 | Pan      | Gained mutation: Potions are less effective at restoring your health. [a cacodemon]
 96143 | Pan      | Noticed Mnoleg
 96153 | Pan      | Gained mutation: You expend magic power (3 MP) to strengthen your wands. [Mnoleg's mutagenic touch]
 96161 | Pan      | Killed Mnoleg
 96190 | Pan      | Got a glowing rune of Zot
 96266 | Pan      | Gained mutation: Scrolls take you longer to read. [a cacodemon]
 96269 | Pan      | Gained mutation: You are occasionally teleported next to monsters. [a cacodemon]
 96310 | Pan      | Gained mutation: Scrolls take you much longer to read. [a cacodemon]
 96388 | Pan      | Gained mutation: You occasionally shout uncontrollably at your foes. [a cacodemon]
 96392 | Pan      | Gained mutation: Your magical capacity is low. (-10% MP) [a cacodemon]
 96434 | Pan      | Lost mutation: Scrolls take you much longer to read. [potion of mutation]
 96434 | Pan      | Lost mutation: Your magical capacity is low. (-10% MP) [potion of mutation]
 96434 | Pan      | Lost mutation: Scrolls take you longer to read. [potion of mutation]
 96434 | Pan      | Lost mutation: You are resistant to hostile enchantments. (MR+) [potion of mutation]
 96434 | Pan      | Lost mutation: You are frail. (-10% HP) [potion of mutation]
 96434 | Pan      | Gained mutation: You can translocate small distances at will. [potion of mutation]
 96435 | Pan      | Lost mutation: Scrolls take you a little longer to read. [potion of mutation]
 96435 | Pan      | Lost mutation: You possess an exceptional clarity of mind. [potion of mutation]
 96435 | Pan      | Lost mutation: You expend magic power (3 MP) to strengthen your wands. [potion of mutation]
 96435 | Pan      | Gained mutation: Your skin changes colour to match your surroundings (Stealth+). [potion of mutation]
 96436 | Pan      | Lost mutation: Armour fits poorly on your strangely shaped body. [potion of mutation]
 96436 | Pan      | Lost mutation: You are occasionally teleported next to monsters. [potion of mutation]
 96436 | Pan      | Gained mutation: You are clumsy. (Dex -2) [potion of mutation]
 96436 | Pan      | Lost mutation: You are clumsy. (Dex -2) [potion of mutation]
 96436 | Pan      | Gained mutation: Your system is resistant to poisons. (rPois) [potion of mutation]
 96436 | Pan      | Gained mutation: You are partially covered in thin metallic scales. (AC +2) [potion of mutation]
 96438 | Depths:3 | Escaped Pandemonium
 96519 | Hell     | Entered the Vestibule of Hell
 96519 | Hell     | Noticed Geryon
 96544 | Hell     | Reached skill level 19 in Throwing
 96558 | Hell     | Killed Geryon
 96636 | Hell     | Found a gateway to the freezing wastes of Cocytus.
 96697 | Hell     | Found a gateway to the decaying netherworld of Tartarus.
 96757 | Hell     | Found a gateway to the ashen valley of Gehenna.
 96839 | Hell     | Found a gateway to the Iron City of Dis.
 97138 | Depths:5 | You paid a toll of the horn of Geryon to enter a treasure trove
 97139 | Trove    | Entered a treasure trove
 97145 | Trove    | Found the +2 pair of boots of the Assassin {Detection Stab+ Stlth++}
 97151 | Trove    | Got a slimy diamond amulet
 97159 | Trove    | Got a pair of spiked gloves
 97161 | Trove    | Got a coiled copper amulet
 97165 | Trove    | Got a clouded tin ring
 97171 | Trove    | Identified the +2 pair of gloves of Disguise {rC+++} (You found it in a treasure trove)
 97182 | Trove    | Identified the amulet of the Shining Light {rPois Regen+ Str+3 Int+4} (You found it in a treasure trove)
 97183 | Trove    | Identified the amulet of Getigeog {rC++ rN+ Regen+} (You found it in a treasure trove)
 97184 | Trove    | Identified the ring of Linearity {+Fly rF+ Int+2} (You found it in a treasure trove)
 97409 | Dis:1    | Entered Level 1 of the Iron City of Dis
 97695 | Dis:2    | Found a burning altar of Makhleb.
 97750 | Dis:2    | Reached skill level 20 in Throwing
 98084 | Dis:3    | HP: 62/254 [hellion/damnation (26)]
 98104 | Dis:3    | HP: 54/254 [something (36)]
 98307 | Dis:3    | Reached skill level 21 in Dodging
 98555 | Dis:5    | Gained mutation: You expend magic power (3 MP) to strengthen your wands. [mutagenic glow]
 98754 | Dis:7    | Entered Level 7 of the Iron City of Dis
 98833 | Dis:7    | Reached skill level 21 in Throwing
 99272 | Dis:7    | HP: 52/254 [iron giant/giant spiked club (47)]
 99291 | Dis:7    | HP: 39/254 [balrug/divine providence[the effects of Hell] (12)]
 99827 | Dis:7    | Reached skill level 22 in Throwing
100209 | Dis:7    | Reached skill level 22 in Dodging
100225 | Dis:7    | Noticed Dispater
100240 | Dis:7    | HP: 68/251 [Dispater/golden staff (12)]
100241 | Dis:7    | Killed Dispater
100317 | Dis:7    | HP: 57/251 [??? (28)]
100346 | Dis:7    | Reached skill level 17 in Evocations
100451 | Dis:7    | Got an iron rune of Zot
100566 | Dis:7    | Reached skill level 1 in Air Magic
100597 | Dis:7    | Reached skill level 3 in Charms
100863 | Geh:1    | Entered Level 1 of Gehenna
100871 | Geh:1    | Reached skill level 2 in Air Magic
100906 | Geh:2    | HP: 53/254 [??? (27)]
101185 | Geh:2    | Reached skill level 4 in Charms
101332 | Geh:3    | Reached skill level 3 in Air Magic
101508 | Geh:4    | Reached skill level 5 in Charms
101528 | Geh:4    | Reached skill level 4 in Air Magic
101711 | Geh:4    | Reached skill level 6 in Charms
101827 | Geh:4    | Reached skill level 5 in Air Magic
102101 | Geh:5    | Reached skill level 7 in Charms
102114 | Geh:5    | Reached skill level 6 in Air Magic
102159 | Geh:5    | Reached skill level 23 in Fighting
102695 | Geh:5    | Reached skill level 8 in Charms
102744 | Geh:5    | Reached skill level 7 in Air Magic
102897 | Geh:6    | Reached skill level 8 in Air Magic
103033 | Geh:7    | Entered Level 7 of Gehenna
103182 | Geh:7    | Reached skill level 24 in Fighting
103191 | Geh:7    | Reached skill level 9 in Air Magic
103363 | Geh:7    | Noticed the Serpent of Hell
103405 | Geh:7    | Killed the Serpent of Hell
103500 | Geh:7    | Reached skill level 10 in Air Magic
103551 | Geh:7    | Got a coiled steel ring
103552 | Geh:7    | Identified the ring "Vankib" {Ice +Inv rElec Str-2 Int-4} (You found it on level 7 of Gehenna)
103679 | Geh:7    | Noticed Asmodeus
103694 | Geh:7    | HP: 74/264 [balrug/divine providence[Asmodeus] (13)]
103695 | Geh:7    | Killed Asmodeus
103725 | Geh:7    | Found the +4 Vampire's Tooth {vamp}
103735 | Geh:7    | Got an obsidian rune of Zot
103741 | Geh:7    | Got a sparkling bronze ring
103760 | Geh:7    | Identified the Papyrus of Summoning
103793 | Geh:7    | Identified the ring "Larigg" {rC+ MR- MP+9 Dex+4} (You found it on level 7 of Gehenna)
103890 | Geh:7    | Reached skill level 25 in Fighting
104096 | Hell     | Learned a level 4 spell: Summon Lightning Spire
104140 | Coc:1    | Entered Level 1 of Cocytus
104261 | Coc:4    | Found a radiant altar of Vehumet.
104347 | Coc:4    | HP: 76/266 [??? (39)]
104354 | Coc:4    | HP: 52/266 [shard shrike/shard of ice[the effects of Hell] (2)]
104363 | Hell     | HP: 55/266 [shard shrike (4)]
104817 | Coc:5    | Reached skill level 11 in Summonings
104952 | Coc:5    | Reached skill level 23 in Armour
105091 | Coc:6    | HP: 77/266 [??? (39)]
105097 | Coc:6    | HP: 53/266 [anaconda zombie (2)]
105354 | Coc:7    | Entered Level 7 of Cocytus
105535 | Coc:7    | Reached skill level 12 in Summonings
105614 | Coc:7    | Reached skill level 26 in Fighting
105690 | Coc:7    | Noticed Antaeus
105706 | Coc:7    | HP: 67/269 [??? (34)]
105707 | Coc:7    | HP: 31/269 [??? (15)]
105715 | Coc:7    | HP: 42/269 [something (15)]
105736 | Coc:7    | HP: 67/269 [blizzard demon/bolt of lightning (7)]
105915 | Coc:7    | Killed Antaeus
105947 | Coc:7    | Identified Sif Muna's Arcane Arts, Part One
105987 | Coc:7    | Reached skill level 13 in Summonings
106114 | Coc:7    | Got an icy rune of Zot
106123 | Coc:7    | Identified the Tome of the Volcanoes
106312 | Tar:1    | Entered Level 1 of Tartarus
106341 | Hell     | HP: 75/270 [???[the effects of Hell] (38)]
106343 | Hell     | Reached skill level 24 in Armour
106897 | Tar:4    | Reached skill level 14 in Summonings
107107 | Tar:4    | Reached skill level 27 in Fighting
107736 | Tar:5    | Reached skill level 25 in Armour
108230 | Tar:7    | Entered Level 7 of Tartarus
108251 | Tar:7    | Noticed an ancient lich
108263 | Tar:7    | Killed an ancient lich
108499 | Tar:7    | Noticed Ereshkigal
108815 | Tar:7    | Killed Ereshkigal
108815 | Tar:7    | Reached skill level 23 in Dodging
108843 | Tar:7    | Got a bone rune of Zot
109203 | Lair:1   | Learned a level 4 spell: Airstrike
109547 | Tomb:1   | Entered Level 1 of the Tomb of the Ancients
109638 | Tomb:1   | Noticed Mara
109640 | Tomb:1   | Noticed Gorice's illusion
109645 | Tomb:1   | Killed Mara
109654 | Tomb:1   | Reached skill level 26 in Armour
109660 | Tomb:1   | Reached skill level 11 in Air Magic
109790 | Tomb:1   | Noticed a greater mummy
109798 | Tomb:1   | HP: 80/267 [poisoned by an ushabti (dark miasma)]
109799 | Tomb:1   | Killed a greater mummy
109801 | Tomb:1   | Noticed a greater mummy
109806 | Tomb:1   | HP: 80/267 [poisoned by an ushabti (dark miasma)]
109810 | Tomb:1   | HP: 34/273 [ushabti] (10)]
109815 | Tomb:1   | HP: 29/273 [poisoned by an ushabti (dark miasma)]
109815 | Tomb:1   | HP: 12/273 [death scarab (17)]
109820 | Tomb:1   | HP: 27/273 [poisoned by an ushabti (dark miasma)]
109825 | Tomb:1   | HP: 29/273 [poisoned by an ushabti (dark miasma)]
109832 | Tomb:1   | HP: 36/273 [poisoned by an ushabti (dark miasma)]
109838 | Tomb:1   | HP: 42/273 [poisoned by an ushabti (dark miasma)]
110700 | Tomb:2   | Noticed a greater mummy
110701 | Tomb:2   | Noticed a greater mummy
110707 | Tomb:2   | Noticed a greater mummy
110707 | Tomb:2   | Noticed a greater mummy
110708 | Tomb:2   | Killed a greater mummy
110711 | Tomb:2   | HP: 61/271 [disintegration (74)]
110737 | Tomb:2   | Killed a greater mummy
110749 | Tomb:2   | HP: 78/271 [emperor scorpion[a greater mummy] (17)]
110757 | Tomb:2   | HP: 77/271 [greater mummy/divine providence (9)]
110764 | Tomb:2   | HP: 73/271 [greater mummy/divine providence (10)]
110772 | Tomb:2   | HP: 54/271 [greater mummy/divine providence (12)]
110787 | Tomb:2   | HP: 28/271 [??? (13)]
110793 | Tomb:2   | HP: 23/271 [??? (10)]
110799 | Tomb:2   | HP: 24/271 [greater mummy/divine providence (14)]
110805 | Tomb:2   | HP: 13/271 [greater mummy/divine providence (15)]
110813 | Tomb:2   | HP: 22/273 [??? (9)]
110840 | Tomb:2   | HP: 31/273 [ancient champion/iron shot (18)]
110842 | Tomb:2   | HP: 15/273 [ancient champion/great sword of draining (18)]
111095 | Tomb:1   | Noticed a greater mummy
111098 | Tomb:1   | Noticed a greater mummy
111104 | Tomb:1   | Killed a greater mummy
111108 | Tomb:1   | Killed a greater mummy
111132 | Tomb:1   | Noticed a greater mummy
111135 | Tomb:1   | Killed a greater mummy
111143 | Tomb:1   | Noticed a greater mummy
111166 | Tomb:1   | Killed a greater mummy
111166 | Tomb:1   | HP: 76/273 [torment (38)]
111277 | Tomb:1   | Noticed a greater mummy
111283 | Tomb:1   | Killed a greater mummy
111411 | Tomb:2   | Killed a greater mummy
111416 | Tomb:2   | Killed a greater mummy
111831 | Tomb:1   | Noticed a greater mummy
111840 | Tomb:1   | Killed a greater mummy
111840 | Tomb:1   | Reached skill level 27 in Armour
111850 | Tomb:1   | Noticed a greater mummy
111857 | Tomb:1   | Killed a greater mummy
111901 | Tomb:1   | Noticed a greater mummy
111907 | Tomb:1   | Killed a greater mummy
111938 | Tomb:1   | Noticed a greater mummy
111942 | Tomb:1   | Noticed a greater mummy
111945 | Tomb:1   | Killed a greater mummy
111945 | Tomb:1   | Reached skill level 24 in Dodging
111947 | Tomb:1   | Noticed a greater mummy
111950 | Tomb:1   | Noticed a greater mummy
111954 | Tomb:1   | Killed a greater mummy
112317 | Tomb:1   | Killed a greater mummy
112338 | Tomb:1   | Noticed a greater mummy
112341 | Tomb:1   | Noticed a greater mummy
112347 | Tomb:1   | Killed a greater mummy
112347 | Tomb:1   | Reached skill level 1 in Stealth
112351 | Tomb:1   | HP: 58/269 [flayed ghost/flay_damage[a greater mummy] (29)]
112354 | Tomb:1   | Killed a greater mummy
112354 | Tomb:1   | HP: 27/269 [greater mummy's death curse (34)]
112605 | Tomb:1   | Killed a greater mummy
112605 | Tomb:1   | Reached skill level 2 in Stealth
112635 | Tomb:1   | Noticed a greater mummy
112642 | Tomb:1   | Killed a greater mummy
112741 | Tomb:1   | Noticed a greater mummy
112755 | Tomb:1   | Killed a greater mummy
112755 | Tomb:1   | Reached skill level 3 in Stealth
112803 | Tomb:1   | Noticed a greater mummy
112810 | Tomb:1   | Killed a greater mummy
112867 | Tomb:1   | Noticed a greater mummy
112868 | Tomb:1   | Noticed a greater mummy
112880 | Tomb:1   | HP: 78/269 [emperor scorpion[a greater mummy] (7)]
112882 | Tomb:1   | Killed a greater mummy
112886 | Tomb:1   | HP: 65/267 [??? (32)]
112888 | Tomb:1   | Killed a greater mummy
112888 | Tomb:1   | Reached skill level 4 in Stealth
113157 | Tomb:1   | Noticed a greater mummy
113177 | Tomb:1   | Killed a greater mummy
113394 | Tomb:1   | Noticed a greater mummy
113414 | Tomb:1   | Killed a greater mummy
113531 | Tomb:1   | Noticed a greater mummy
113535 | Tomb:1   | Killed a greater mummy
113535 | Tomb:1   | Reached skill level 5 in Stealth
113765 | Tomb:3   | Entered Level 3 of the Tomb of the Ancients
113777 | Tomb:3   | Noticed ThereIsNoGod's ghost (legendary HOFi)
113778 | Tomb:3   | Reached skill level 12 in Air Magic
113783 | Tomb:3   | Noticed a greater mummy
113786 | Tomb:3   | Noticed a greater mummy
113791 | Tomb:3   | Found the +8 autumn katana {slice, Clar}
113864 | Tomb:3   | Noticed a greater mummy
113866 | Tomb:3   | Noticed a greater mummy
113879 | Tomb:3   | HP: 56/266 [ancient champion/iron shot (53)]
113880 | Tomb:3   | HP: 27/266 [??? (12)]
113881 | Tomb:3   | HP: 12/266 [greater mummy/divine providence (7)]
113883 | Tomb:3   | HP: 5/266 [mummy priest/divine providence (9)]
113889 | Tomb:2   | Killed by a guardian mummy's death curse

Skill      XL: |  1  2  3  4  5  6  7  8  9 10 11 12 13 14 15 16 17 18 19 20 21 22 23 24 25 26 27 |
---------------+----------------------------------------------------------------------------------+-----
Armour         | 1 2 3 4 5 6 8 10 11 13 15 16 17 19 20 22 27 | 27.0
Axes           | 5 6 7 8 10 12 14 16 17 18 20 26 | 26.0
Fighting       | 4 8 10 14 16 17 19 21 22 27 | 27.0
Invocations    | 4 9 12 13 14 | 14.0
Evocations     | 6 8 10 12 15 16 17 | 17.4
Throwing       | 8 22 | 22.0
Dodging        | 3 8 11 12 14 15 16 18 24 | 24.5
Summonings     | 5 9 10 14 | 14.0
Spellcasting   | 4 7 10 11 | 11.0
Charms         | 2 8 |  8.0
Translocations | 3 9 |  9.0
Hexes          | 10 | 10.3
Air Magic      | 12 | 12.0
Stealth        | 5 |  5.6

Action                   |  1- 3 |  4- 6 |  7- 9 | 10-12 | 13-15 | 16-18 | 19-21 | 22-24 | 25-27 || total
-------------------------+-------+-------+-------+-------+-------+-------+-------+-------+-------++-------
Melee: War axe           |    54 |   274 |   429 |       |       |       |       |       |       ||   757
       Battleaxe         |       |       |    64 |   620 |  1285 |  1301 |  1281 |  1666 |  3014 ||  9231
       Flail             |       |       |       |    18 |    37 |       |       |       |       ||    55
       Broad axe         |       |       |       |       |    11 |   213 |       |       |       ||   224
       Executioner's axe |       |       |       |       |       |       |       |       |  4376 ||  4376
       Bite              |       |       |       |       |       |       |       |       |  1003 ||  1003
 Fire: Blowgun           |       |       |       |       |       |       |       |       |     7 ||     7
Throw: Stone             |       |    15 |     6 |     3 |       |       |       |       |       ||    24
       Tomahawk          |       |     3 |     8 |    12 |     9 |    13 |     7 |       |       ||    52
       Throwing net      |       |       |     1 |       |     1 |     1 |       |       |       ||     3
       Javelin           |       |       |       |       |     2 |       |       |     3 |    57 ||    62
 Cast: Summon Butterflie |       |       |       |       |       |       |       |       |    16 ||    16
       Apportation       |       |       |       |       |       |       |       |       |     9 ||     9
       Portal Projectile |       |       |       |       |       |       |       |       |     8 ||     8
       Blink             |       |       |       |       |       |       |       |       |     4 ||     4
Invok: Divine Shield     |       |       |       |       |     4 |     2 |       |     2 |     1 ||     9
       Summon Divine War |       |       |       |       |       |       |       |       |    44 ||    44
       Brand Weapon With |       |       |       |       |       |       |       |       |     1 ||     1
 Abil: Evoke Blink       |       |       |       |       |       |       |       |       |     2 ||     2
       Evoke Flight      |       |       |       |       |       |       |       |       |     8 ||     8
Evoke: Wand              |       |       |       |       |     1 |     4 |       |       |     4 ||     9
       Box of beasts     |       |       |       |       |       |       |       |       |     1 ||     1
       Phantom mirror    |       |       |       |       |       |       |       |       |     1 ||     1
  Use: Scroll            |     4 |     6 |     4 |    12 |     9 |     7 |     5 |    10 |    58 ||   115
       Potion            |       |       |     4 |     1 |     3 |       |     4 |       |    46 ||    58
 Stab: Sleeping          |     1 |       |       |       |       |       |       |       |       ||     1
  Eat: Chunk             |     1 |    10 |    16 |    25 |    34 |    31 |    26 |    26 |    67 ||   236
       Ration            |       |       |       |     1 |     4 |     3 |     3 |     4 |    30 ||    45
Armor: Leather armour    |    16 |       |       |       |       |       |       |       |       ||    16
       Scale mail        |     4 |   157 |       |       |       |       |       |       |       ||   161
       Chain mail        |       |     9 |   213 |       |    61 |       |       |       |       ||   283
       Skin              |       |       |     9 |       |       |       |       |       |       ||     9
       Ice dragon scales |       |       |    55 |    67 |       |    79 |       |       |       ||   201
       Plate armour      |       |       |       |   358 |   959 |   784 |   470 |   850 |  3364 ||  6785
Dodge: Dodged            |    37 |   129 |   177 |   238 |   459 |   989 |   841 |  1117 |  7246 || 11233
Block: Other             |       |       |       |       |    30 |     7 |       |    23 |     4 ||    64

Table legend:
 A = Turns spent in this place as a percentage of turns spent in the entire game.
 B = Non-inter-level travel turns spent in this place as a percentage of non-inter-level travel turns spent in the entire game.
 C = Inter-level travel turns spent in this place as a percentage of turns spent in this place.
 D = Turns resting spent in this place as a percentage of non-inter-level travel turns spent in this place.
 E = Turns spent auto-exploring this place as a percentage of non-inter-level travel turns spent in this place.
 F = Non-inter-level travel turns spent in this place divided by the number of levels of this place that you've seen.
                   A       B       C       D       E      F
               +-------+-------+-------+-------+-------+----------------------
         Total | 100.0 | 100.0 |   8.6 |  32.5 |  22.3 | 964.3
       Dungeon |  21.1 |  19.3 |  16.2 |  35.2 |  30.5 | 1342.3
        Temple |   0.2 |   0.1 |  22.8 |   0.0 |  97.7 | 132.0
          Lair |   9.6 |   8.8 |  15.8 |  35.8 |  28.6 | 1529.0
         Swamp |   4.7 |   4.8 |   7.5 |  26.1 |  36.0 | 1239.8
     Snake Pit |   6.6 |   6.8 |   5.0 |  40.8 |  23.9 | 1772.5
    Slime Pits |   2.1 |   2.3 |   2.2 |  56.5 |   1.3 | 469.4
  Orcish Mines |   2.3 |   2.3 |   6.4 |  31.0 |  28.1 | 1219.0
   Elven Halls |   3.7 |   3.7 |   8.3 |  14.8 |  39.4 | 1275.3
        Vaults |  11.6 |  11.6 |   8.0 |  38.2 |  20.7 | 2421.8
         Crypt |   3.4 |   3.5 |   5.9 |   9.4 |  49.3 | 1229.7
          Tomb |   3.8 |   4.1 |   2.6 |  52.2 |   2.2 | 1409.0
        Depths |  10.6 |  10.4 |  10.0 |  41.4 |  25.8 | 2164.2
          Hell |   1.3 |   1.4 |   4.1 |  48.8 |  10.9 | 1414.0
           Dis |   2.9 |   3.1 |   1.9 |  26.5 |   0.0 | 466.6
       Gehenna |   2.6 |   2.9 |   0.0 |   1.7 |  11.3 | 426.0
       Cocytus |   1.6 |   1.8 |   0.0 |   3.0 |   0.0 | 262.6
      Tartarus |   2.1 |   2.3 |   0.7 |   4.4 |  16.6 | 343.4
         Abyss |   2.0 |   2.2 |   0.0 |   8.0 |   2.1 | 582.5
   Pandemonium |   5.4 |   5.9 |   0.0 |  24.3 |   6.6 | 442.2
        Bazaar |   0.0 |   0.1 |   0.0 |   0.0 |   0.0 |  55.0
         Trove |   0.1 |   0.1 |   0.0 |   0.0 |   0.0 |  85.0
       Ossuary |   0.4 |   0.5 |   0.0 |  30.4 |   0.0 | 470.0
      Ice Cave |   0.7 |   0.8 |   0.0 |  63.3 |   0.0 | 830.0
        Wizlab |   1.2 |   1.3 |   0.0 |  61.8 |   6.6 | 1334.0
               +-------+-------+-------+-------+-------+----------------------

Vault maps used:
D:1:      nzn_arrival_crosshair
D:2:      uniq_natasha
D:3:      nicolae_qazlal_general_emergency, first_ration
D:4:      marbit_many_paths, elyvilon_altar_4, nicolae_overflow_hidden_temple,
          nicolae_ru_great_annihilating_truth
D:6:      enter_ossuary_1, kennysheep_generic_room_7, uniq_grinder, uniq_edmund,
          uniq_blork_the_orc, uniq_menkaure
D:7:      temple_doors_e, serial_shops, shop_fountains,
          nicolae_shop_window_shopping, nicolae_shop_behind_doors,
          nicolae_shop_window_shopping, shop, okawaru_humans
D:9:      orc_0_dummy
D:10:     due_lair_maze_entry_diamond, hangedman_stone_soup
D:11:     uniq_psyche
D:12:     mrwooster_statue_mirror, st_stairs_4
D:13:     lightli_fourway_metalbox
D:14:     david_vaults_5, grunt_ministairs_3, kennysheep_another_room,
          uniq_snorg
D:15:     grunt_enter_depths_magical_seal, minmay_tree_intersection,
          minivault_26
Temple:   eino_temple_rhombus
Lair:2:   lemuel_ratsnest, uniq_nergalle, uniq_harold
Lair:4:   minmay_swamp_entry_wisps, grunt_megastairs_1
Lair:5:   slime_altar_2, serial_bayou_lagoon_b, serial_bayou_shore_b,
          grunt_megastairs_2, minmay_lair_oklob_chamber, serial_bayou_shore_b
Lair:6:   cheibrodos_lair_end_hotspot, basic_altar,
          nicolae_quartered_pool_super, wad_woods_road_05
Swamp:1:  serial_swamp_ruin, evilmike_swamp_ruin_house_2,
          evilmike_swamp_ruin_house_4, evilmike_swamp_ruin_house_5, swamp_pool3
Swamp:2:  portal_ice_cave_entry_pillars_2, evilmike_swamp_ruin_house_6,
          hangedman_swamp_cone, hangedman_swamp_double_dragon
Swamp:3:  nicolae_swamp_feature_on_the_river_bank, swamp_pool5,
          nicolae_swamp_trees_clearing, uniq_jorgrun
Swamp:4:  swamp, swamp_pool2
Snake:3:  serial_shops, shop_fountains, shop, nicolae_shop_overgrown_old_shop,
          shop, nicolae_shop_behind_doors, minmay_shop_star
Snake:4:  grunt_snake_rune_serpentine_throne, minmay_shop_grid_forest,
          guppyfry_library_mini, uniq_aizul, uniq_louise, uniq_donald
Slime:1:  basic_altar
Orc:1:    uniq_gastronok
Orc:2:    st_orc_elflike, nicolae_orc_damp_corner, bloody_trog
Elf:1:    eino_elf_arrival_the_gate, minmay_elf_necromancy, spider_trap,
          roderic_nine_men_s_morris
Elf:2:    serial_shops, bzr_entry_dummy
Elf:3:    minmay_elf_hall_curves, serial_shops, nicolae_shop_crystal
Vaults:1: nicolae_vaults_c_with_doors, ontoclasm_vaults_twist,
          vaults_room_fours, v_misc_3, nicolae_vaults_little_squares_2,
          vaults_mumra_chevron_long, v_misc_26, v_misc_25,
          hangedman_vaults_river_flow
Vaults:2: vaults_mumra_minichess_inversion, minmay_crypt_entry_simple_walls,
          nicolae_vaults_disjoint_gnomons, v_misc_2,
          nicolae_vaults_shelves_hall, st_cells,
          nicolae_vaults_yaktaur_gun_rack, dpeg_vaults_monster_row,
          vaults_mumra_hexcomb, nicolae_vaults_little_squares_6
Vaults:3: dpeg_vaults_pockets_of_resistance, nicolae_vaults_border_crossing,
          vaults_room_ringed_pool, vaults_room_semicircle, vaults_room_pools,
          mu_enter_wizlab_2
Vaults:4: nicolae_vaults_theta, ontoclasm_vaults_eye,
          nicolae_vaults_network_quincunx, v_misc_29, nicolae_vaults_alarming,
          grunt_vaults_funnel, vaults_room_fours, ontoclasm_vaults_ligature,
          v_misc_19, grunt_vaults_diagonal, uniq_boris, uniq_saint_roka,
          uniq_margery
Vaults:5: serial_shops
Crypt:1:  due_chaos_kobolds, uniq_sojobo
Crypt:2:  serial_co_window_serial, co_window_corner_a, co_window_corner_a,
          co_window_corner_a, co_window_corner_a, co_window_paths_a,
          co_window_unsneaky_path_e, co_window_of_opportunity_b,
          co_window_unsneaky_path_d, co_window_broadway_c, co_window_broadway_c,
          co_window_corner_ca, co_window_corner_b, glass_columns_c,
          glass_columns_b, glass_columns_a, glass_columns_b, glass_columns_c
Crypt:3:  due_elkab, st_stairs_9, pandoras_box_mu
Tomb:1:   uniq_mara
Depths:1: abyss_entry_crystal, lightli_too_deep, abandoned_shop,
          minmay_misc_feat_plants, corner_web_ring, grunt_decor_one_mirror,
          minmay_the_grid_square_5x5_3x3_mashed
Depths:2: minmay_nine_rooms, grunt_hell_entry_dis_mu,
          hangedman_decor_diamond_cutter, uniq_asterion
Depths:3: grunt_runaround, serial_shops, hell_entry, pan_entry, uniq_frederick
Depths:4: little_maze_vault, enter_ziggurat_f, old_standard_altar,
          pf_coc_iceberg, marbit_kobold_abyss_entry, pan_entry,
          kennysheep_windowed_goal, infiniplex_staircase_zigzag_3
Depths:5: grunt_twist_and_shout, enter_trove_3, serial_sigils,
          serial_sigils_hangedman_carve, serial_sigils_hangedman_snap,
          serial_sigils_hangedman_writhe, serial_sigils_hangedman_gut,
          serial_sigils_hangedman_gnaw, hell_entry, minmay_misc_feat_hallway,
          minmay_shop_grove, uniq_enchantress
Dis:1:    hangedman_dis_monolith
Dis:2:    kennysheep_iron_temple
Dis:7:    iron_city_of_dis
Geh:1:    minmay_firetagon, lemuel_hellish_altar
Geh:5:    lemuel_flamethrower_2
Geh:7:    geh_mu
Coc:4:    hangedman_feature_mirror
Coc:7:    coc_grunt_cove
Tar:7:    tar_old
Abyss:2:  hangedman_cross_veins
Abyss:3:  dshaligram_kb_abyss_rune_zappy_water_cross
Abyss:4:  grunt_abyss_rune_forest_and_sorcery, minivault_23,
          hangedman_abyss_sting
Pan:      rand_demon_3, pan_surprise, rand_demon_1, grunt_pan_spiral,
          reaverb_pan_chaos_star, evilmike_mini_pan_3x3, cerebov,
          grunt_pan_sceptre, pan_blood_fountain_small,
          nicolae_pan_lom_lobonic_2, grunt_pan_sceptre, pan_blood_fountain,
          pan_blood_fountain_2, evilmike_mini_pan_3x3, uniq_mennas_pan,
          evilmike_mini_pan_other_thingy, pan_blood_fountain,
          evilmike_mini_pan_V, nicolae_pan_hourglass, lom_lobon_grunt,
          pan_blood_fountain_small, nicolae_pan_cerebovesque_3,
          reaverb_pan_figure_eight, nicolae_pan_sick_transit,
          gloorx_vloq_grunt_torture_chamber, mnoleg, nicolae_pan_mnolegish_1
Bazaar:   bazaar_jpeg_oval
Trove:    trove_simple
Ossuary:  ossuary_tomb_1
IceCv:    ice_cave_statue_garden_chambered
WizLab:   wizlab_cloud
